Workbook
Name Inflation: Projection!#REF!
Name Units: Description!$C$6

Sheet Description
B2: Property Valuation Analysis
B4: Property Name | C4: Building I Want
B6: Units | C6: 160
B7: Total Sq Ft | C7: ='Rent Roll Summary'!F12 -> 258656
B9: Transaction Date | C9: 42825
B11: Scenario | C11: 1 | D11: 1 | E11: 2 | F11: 3 | G11: Must cycle through all options for returns (B30:M54) to work.
B13: Purchase Price | C13: =Projection!C7 -> 80000000 | D13: =Projection!D7 -> 80000000 | E13: =Projection!E7 -> 75000000 | F13: =Projection!F7 -> 70000000
B14: Loan | C14: =Projection!C14 -> 52000000 | D14: =Projection!D14 -> 52000000 | E14: =Projection!E14 -> 48750000 | F14: =Projection!F14 -> 45500000
B15: LTV | C15: =C14/C13 -> 0.65 | D15: =Projection!D15 -> 0.65 | E15: =Projection!E15 -> 0.65 | F15: =Projection!F15 -> 0.65
B17: Equity | C17: =C13-C14 -> 28000000 | D17: =D13-D14 -> 28000000 | E17: =E13-E14 -> 26250000 | F17: =F13-F14 -> 24500000
B19: Hold Period | C19: 7
B21: Unleveraged Return | C21: =Projection!B96 -> 0.060302321
B22: Leveraged Return | C22: =Projection!B101 -> 0.090031947
B24: Returns Summary - Current | C24: =Projection!D111 -> 1 | D24: =Projection!E111 -> 2 | E24: =Projection!F111 -> 3 | F24: =Projection!G111 -> 4 | G24: =Projection!H111 -> 5 | H24: =Projection!I111 -> 6 | I24: =Projection!J111 -> 7 | J24: =Projection!K111 -> 8 | ... M24: =Projection!N111 -> 11
B26: =Projection!B$104 -> Unleveraged 7 YR IRR | C26: =Projection!D$104 -> 0.060302321
B27: =Projection!B$105 -> Leveraged 7 YR IRR | C27: =Projection!D$105 -> 0.090031947
B28: =Projection!B$106 -> Capitalization Rate | C28: =Projection!D$106 -> 0.061150145 | D28: =Projection!E$106 -> 0.064071483 | E28: =Projection!F$106 -> 0.065896239 | F28: =Projection!G$106 -> 0.067873126 | G28: =Projection!H$106 -> 0.069909319 | H28: =Projection!I$106 -> 0.072006599 | I28: =Projection!J$106 -> 0.074166797 | J28: =Projection!K$106 -> 0.076391801 | ... M28: =Projection!N$106 -> 0.083475383
B29: =Projection!B$107 -> Leveraged Cash Return | C29: =Projection!D$107 -> 0.094039679 | D29: =Projection!E$107 -> 0.10223418 | E29: =Projection!F$107 -> 0.1073527 | F29: =Projection!G$107 -> 0.082754037 | G29: =Projection!H$107 -> 0.088465661 | H29: =Projection!I$107 -> 0.094348633 | I29: =Projection!J$107 -> 0.10040809 | J29: =Projection!K$107 -> 0.21428275 | ... M29: =Projection!N$107 -> 0.23415255
B30: =Projection!B$108 -> 7 YR AVG Cash Return | C30: =Projection!D$108 -> 0.095657569
B32: Returns Summary - Scenario | C32: =C24 -> 1 | D32: =D24 -> 2 | E32: =E24 -> 3 | F32: =F24 -> 4 | G32: =G24 -> 5 | H32: =H24 -> 6 | I32: =I24 -> 7 | J32: =J24 -> 8 | ... M32: =M24 -> 11
B34: Scenario | C34: 1
B36: =Projection!B$104 -> Unleveraged 7 YR IRR | C36: =IF($C$11=$C$34,Projection!D$104,C36) -> 0.060302321
B37: =Projection!B$105 -> Leveraged 7 YR IRR | C37: =IF($C$11=$C$34,Projection!D$105,C37) -> 0.090031947
B38: =Projection!B$106 -> Capitalization Rate | C38: =IF($C$11=$C$34,Projection!D$106,C38) -> 0.061150145 | D38: =IF($C$11=$C$34,Projection!E$106,D38) -> 0.064071483 | E38: =IF($C$11=$C$34,Projection!F$106,E38) -> 0.065896239 | F38: =IF($C$11=$C$34,Projection!G$106,F38) -> 0.067873126 | G38: =IF($C$11=$C$34,Projection!H$106,G38) -> 0.069909319 | H38: =IF($C$11=$C$34,Projection!I$106,H38) -> 0.072006599 | I38: =IF($C$11=$C$34,Projection!J$106,I38) -> 0.074166797 | J38: =IF($C$11=$C$34,Projection!K$106,J38) -> 0.076391801 | ... M38: =IF($C$11=$C$34,Projection!N$106,M38) -> 0.083475383
B39: =Projection!B$107 -> Leveraged Cash Return | C39: =IF($C$11=$C$34,Projection!D$107,C39) -> 0.094039679 | D39: =IF($C$11=$C$34,Projection!E$107,D39) -> 0.10223418 | E39: =IF($C$11=$C$34,Projection!F$107,E39) -> 0.1073527 | F39: =IF($C$11=$C$34,Projection!G$107,F39) -> 0.082754037 | G39: =IF($C$11=$C$34,Projection!H$107,G39) -> 0.088465661 | H39: =IF($C$11=$C$34,Projection!I$107,H39) -> 0.094348633 | I39: =IF($C$11=$C$34,Projection!J$107,I39) -> 0.10040809 | J39: =IF($C$11=$C$34,Projection!K$107,J39) -> 0.21428275 | ... M39: =IF($C$11=$C$34,Projection!N$107,M39) -> 0.23415255
B40: =Projection!B$108 -> 7 YR AVG Cash Return | C40: =IF($C$11=$C$34,Projection!D$108,C40) -> 0.095657569
B42: Scenario | C42: 2
B44: =Projection!B$104 -> Unleveraged 7 YR IRR | C44: =IF($C$11=$C$42,Projection!D$104,C44) -> 0.072144635
B45: =Projection!B$105 -> Leveraged 7 YR IRR | C45: =IF($C$11=$C$42,Projection!D$105,C45) -> 0.1205496
B46: =Projection!B$106 -> Capitalization Rate | C46: =IF($C$11=$C$42,Projection!D$106,C46) -> 0.065226822 | D46: =IF($C$11=$C$42,Projection!E$106,D46) -> 0.068342916 | E46: =IF($C$11=$C$42,Projection!F$106,E46) -> 0.070289321 | F46: =IF($C$11=$C$42,Projection!G$106,F46) -> 0.072398001 | G46: =IF($C$11=$C$42,Projection!H$106,G46) -> 0.074569941 | H46: =IF($C$11=$C$42,Projection!I$106,H46) -> 0.076807039 | I46: =IF($C$11=$C$42,Projection!J$106,I46) -> 0.07911125 | J46: =IF($C$11=$C$42,Projection!K$106,J46) -> 0.081484588 | ... M46: =IF($C$11=$C$42,Projection!N$106,M46) -> 0.089040409
B47: =Projection!B$107 -> Leveraged Cash Return | C47: =IF($C$11=$C$42,Projection!D$107,C47) -> 0.10547496 | D47: =IF($C$11=$C$42,Projection!E$107,D47) -> 0.11421575 | E47: =IF($C$11=$C$42,Projection!F$107,E47) -> 0.11967552 | F47: =IF($C$11=$C$42,Projection!G$107,F47) -> 0.095446534 | G47: =IF($C$11=$C$42,Projection!H$107,G47) -> 0.10153893 | H47: =IF($C$11=$C$42,Projection!I$107,H47) -> 0.1078141 | I47: =IF($C$11=$C$42,Projection!J$107,I47) -> 0.11427753 | J47: =IF($C$11=$C$42,Projection!K$107,J47) -> 0.22856827 | ... M47: =IF($C$11=$C$42,Projection!N$107,M47) -> 0.24976272
B48: =Projection!B$108 -> 7 YR AVG Cash Return | C48: =IF($C$11=$C$42,Projection!D$108,C48) -> 0.10834905
B50: Scenario | C50: 3
B52: =Projection!B$104 -> Unleveraged 7 YR IRR | C52: =IF($C$11=$C$50,Projection!D$104,C52) -> 0.085050622
B53: =Projection!B$105 -> Leveraged 7 YR IRR | C53: =IF($C$11=$C$50,Projection!D$105,C53) -> 0.15179325
B54: =Projection!B$106 -> Capitalization Rate | C54: =IF($C$11=$C$50,Projection!D$106,C54) -> 0.069885881 | D54: =IF($C$11=$C$50,Projection!E$106,D54) -> 0.073224553 | E54: =IF($C$11=$C$50,Projection!F$106,E54) -> 0.075309987 | F54: =IF($C$11=$C$50,Projection!G$106,F54) -> 0.077569287 | G54: =IF($C$11=$C$50,Projection!H$106,G54) -> 0.079896365 | H54: =IF($C$11=$C$50,Projection!I$106,H54) -> 0.082293256 | I54: =IF($C$11=$C$50,Projection!J$106,I54) -> 0.084762054 | J54: =IF($C$11=$C$50,Projection!K$106,J54) -> 0.087304915 | ... M54: =IF($C$11=$C$50,Projection!N$106,M54) -> 0.095400438
B55: =Projection!B$107 -> Leveraged Cash Return | C55: =IF($C$11=$C$50,Projection!D$107,C55) -> 0.11854384 | D55: =IF($C$11=$C$50,Projection!E$107,D55) -> 0.12790898 | E55: =IF($C$11=$C$50,Projection!F$107,E55) -> 0.13375873 | F55: =IF($C$11=$C$50,Projection!G$107,F55) -> 0.10995224 | G55: =IF($C$11=$C$50,Projection!H$107,G55) -> 0.11647981 | H55: =IF($C$11=$C$50,Projection!I$107,H55) -> 0.12320321 | I55: =IF($C$11=$C$50,Projection!J$107,I55) -> 0.13012831 | J55: =IF($C$11=$C$50,Projection!K$107,J55) -> 0.24489457 | ... M55: =IF($C$11=$C$50,Projection!N$107,M55) -> 0.26760291
B56: =Projection!B$108 -> 7 YR AVG Cash Return | C56: =IF($C$11=$C$50,Projection!D$108,C56) -> 0.12285359

Sheet Projection
B2: Cash Flow Projections
B4: SCENARIO | C4: =Description!C11 -> 1
D5: High | E5: Mid | F5: Low
B6: Pricing | C6: Total | D6: 1 | E6: 2 | F6: 3 | G6: Per Unit | H6: PSF
B7: Purchase Price | C7: =CHOOSE(C4,D7,E7,F7) -> 80000000 | D7: 80000000 | E7: 75000000 | F7: 70000000 | G7: =C7/Units -> 500000 | H7: =C7/'Rent Roll Summary'!$F$12 -> 309.2911
B8: Acquisitions Reserves | C8: =G8*Units -> 0 | D8: =H8*Units -> 0 | E8: =I8*Units -> 0 | F8: =J8*Units -> 0 | G8: 0 | H8: =C8/'Rent Roll Summary'!$F$12 -> 0
B9: =IF(B13="New Loan","Loan Amount","Outstanding Balance") -> Loan Amount | C9: =-C14 -> -52000000 | D9: =-D14 -> -52000000 | E9: =-E14 -> -48750000 | F9: =-F14 -> -45500000 | G9: =C9/Units -> -325000 | H9: =C9/'Rent Roll Summary'!$F$12 -> -201.03922
B10: =IF(B13="New Loan","Loan Origination Fee (1%)","Loan Assumption Fee (1%)") -> Loan Origination Fee (1%) | C10: =-C9*0.01 -> 520000 | D10: =-D9*0.01 -> 520000 | E10: =-E9*0.01 -> 487500 | F10: =-F9*0.01 -> 455000 | G10: =C10/Units -> 3250 | H10: =C10/'Rent Roll Summary'!$F$12 -> 2.0103922
B11: Total Equity Required | C11: =SUM(C7:C10) -> 28520000 | D11: =SUM(D7:D10) -> 28520000 | E11: =SUM(E7:E10) -> 26737500 | F11: =SUM(F7:F10) -> 24955000 | G11: =C11/Units -> 178250 | H11: =C11/'Rent Roll Summary'!$F$12 -> 110.26228
B13: New Loan | D13: 1 | E13: 2 | F13: 3
B14: New Loan Amount | C14: =(C7+C8)*C15 -> 52000000 | D14: =(D7+D8)*D15 -> 52000000 | E14: =(E7+E8)*E15 -> 48750000 | F14: =(F7+F8)*F15 -> 45500000
B15: LTV | C15: 0.65 | D15: 0.65 | E15: 0.65 | F15: 0.65
B16: Interest Rate | C16: 0.0425 | D16: 0.0425 | E16: 0.0425 | F16: 0.0425
B17: Start Date | C17: =EOMONTH(Description!$C9,0) -> 42825 | D17: =C17 -> 42825 | E17: =D17 -> 42825 | F17: =E17 -> 42825
B18: Maturity | C18: =DATE(YEAR(C17)+C19,MONTH(C17),DAY(EOMONTH(C17,0))) -> 45382 | D18: =DATE(YEAR(D17)+D19,MONTH(D17),DAY(EOMONTH(D17,0))) -> 45382 | E18: =DATE(YEAR(E17)+E19,MONTH(E17),DAY(EOMONTH(E17,0))) -> 45382 | F18: =DATE(YEAR(F17)+F19,MONTH(F17),DAY(EOMONTH(F17,0))) -> 45382
B19: Term | C19: 7 | D19: 7 | E19: 7 | F19: 7
B20: Amortization | C20: 30 | D20: 30 | E20: 30 | F20: 30
B21: Years of Interest Only | C21: 3 | D21: 3 | E21: 3 | F21: 3
B22: First Year Principal Payment Required | C22: 4 | D22: 4 | E22: 4 | F22: 4
B23: Amortization Period | C23: ="Years "&TEXT(C22,"0")&"-"&TEXT(C19,"0")&"" -> Years 4-7 | D23: ="Years "&TEXT(D22,"0")&"-"&TEXT(D19,"0")&"" -> Years 4-7 | E23: ="Years "&TEXT(E22,"0")&"-"&TEXT(E19,"0")&"" -> Years 4-7 | F23: ="Years "&TEXT(F22,"0")&"-"&TEXT(F19,"0")&"" -> Years 4-7
B24: Annual Payment | C24: ='Amort. Schedule'!C10 -> 3069704.9
B25: Loan Constant | C25: ='Amort. Schedule'!C10/'Amort. Schedule'!C4 -> 0.059032787
B27: Calculation of Residual | G27: Per Unit
B28: Holding Period | C28: =Description!C19 -> 7
B29: Exit Year | C29: =C28+1 -> 8
B30: Residual Cap Rate | C30: 0.08
B31: Gross Residual | C31: =LOOKUP(C29,D38:N39) -> 76391801 | G31: =C31/Units -> 477448.76
B32: Cost of Sale (% of Gross Residual) | C32: 0.015
B33: Cost of Sale | C33: =-C32*C31 -> -1145877 | G33: =C33/Units -> -7161.7313
B34: Net Residual Value | C34: =SUM(C31:C33) -> 75245924 | G34: =C34/Units -> 470287.02
B35: Outstanding Loan Balance | C35: =-VLOOKUP($C$28,'Amort. Schedule'!B13:F22,4,FALSE) -> -48258788 | G35: =C35/Units -> -301617.43
B36: Net Residual After OLB | C36: =SUM(C34:C35) -> 26987136 | G36: =C36/Units -> 168669.6
D38: 1 | E38: 2 | F38: 3 | G38: 4 | H38: 5 | I38: 6 | J38: 7 | K38: 8 | L38: 9 | M38: 10 | N38: 11
B39: Gross Residual Value Calc. | D39: =D74/$C$30 -> 61150145 | E39: =E74/$C$30 -> 64071483 | F39: =F74/$C$30 -> 65896239 | G39: =G74/$C$30 -> 67873126 | H39: =H74/$C$30 -> 69909319 | I39: =I74/$C$30 -> 72006599 | J39: =J74/$C$30 -> 74166797 | K39: =K74/$C$30 -> 76391801 | ... N39: =N74/$C$30 -> 83475383
D41: 1 | E41: =D41+1 -> 2 | F41: =E41+1 -> 3 | G41: =F41+1 -> 4 | H41: =G41+1 -> 5 | I41: =H41+1 -> 6 | J41: =I41+1 -> 7 | K41: =J41+1 -> 8 | L41: =K41+1 -> 9 | ... N41: =M41+1 -> 11
D42: =YEAR(C17) -> 2017 | E42: =D42+1 -> 2018 | F42: =E42+1 -> 2019 | G42: =F42+1 -> 2020 | H42: =G42+1 -> 2021 | I42: =H42+1 -> 2022 | J42: =I42+1 -> 2023 | K42: =J42+1 -> 2024 | L42: =K42+1 -> 2025 | ... N42: =M42+1 -> 2027
B43: INCOME
B44: Effective Rental Income
B45: Current Market Rents | D45: ='Trailing-12 & Pro Forma'!AL9 -> 9558520.3 | E45: =(D45*E84)+D45 -> 9940861.1 | F45: =(E45*F84)+E45 -> 10338496 | G45: =(F45*G84)+F45 -> 10648650 | H45: =(G45*H84)+G45 -> 10968110 | I45: =(H45*I84)+H45 -> 11297153 | J45: =(I45*J84)+I45 -> 11636068 | K45: =(J45*K84)+J45 -> 11985150 | L45: =(K45*L84)+K45 -> 12344704 | ... N45: =(M45*N84)+M45 -> 13096497
B46: Loss to Lease | D46: ='Trailing-12 & Pro Forma'!AL10 -> 0 | E46: =E45*E85 -> 0 | F46: =F45*F85 -> 0 | G46: =G45*G85 -> 0 | H46: =H45*H85 -> 0 | I46: =I45*I85 -> 0 | J46: =J45*J85 -> 0 | K46: =K45*K85 -> 0 | L46: =L45*L85 -> 0 | ... N46: =N45*N85 -> 0
B47: Gross Potential Income | D47: =SUM(D45:D46) -> 9558520.3 | E47: =SUM(E45:E46) -> 9940861.1 | F47: =SUM(F45:F46) -> 10338496 | G47: =SUM(G45:G46) -> 10648650 | H47: =SUM(H45:H46) -> 10968110 | I47: =SUM(I45:I46) -> 11297153 | J47: =SUM(J45:J46) -> 11636068 | K47: =SUM(K45:K46) -> 11985150 | ... N47: =SUM(N45:N46) -> 13096497
B49: Vacancy | D49: ='Trailing-12 & Pro Forma'!AL14 -> -382340.81 | E49: =E47*E86 -> -397634.45 | F49: =F47*F86 -> -516924.78 | G49: =G47*G86 -> -532432.52 | H49: =H47*H86 -> -548405.5 | I49: =I47*I86 -> -564857.66 | J49: =J47*J86 -> -581803.39 | K49: =K47*K86 -> -599257.49 | L49: =L47*L86 -> -617235.22 | ... N49: =N47*N86 -> -654824.84
B50: Concessions / Discounts | D50: ='Trailing-12 & Pro Forma'!AL15 -> -4779.2602 | E50: =E47*E88 -> -4970.4306 | F50: =F47*F88 -> -5169.2478 | G50: =G47*G88 -> -5324.3252 | H50: =H47*H88 -> -5484.055 | I50: =I47*I88 -> -5648.5766 | J50: =J47*J88 -> -5818.0339 | K50: =K47*K88 -> -5992.5749 | L50: =L47*L88 -> -6172.3522 | ... N50: =N47*N88 -> -6548.2484
B51: Bad Debt | D51: ='Trailing-12 & Pro Forma'!AL16 -> -19117.041 | E51: =E47*E89 -> -19881.722 | F51: =F47*F89 -> -20676.991 | G51: =G47*G89 -> -21297.301 | H51: =H47*H89 -> -21936.22 | I51: =I47*I89 -> -22594.307 | J51: =J47*J89 -> -23272.136 | K51: =K47*K89 -> -23970.3 | L51: =L47*L89 -> -24689.409 | ... N51: =N47*N89 -> -26192.994
B52: Effective Rental Income | D52: =SUM(D47:D51) -> 9152283.2 | E52: =SUM(E47:E51) -> 9518374.5 | F52: =SUM(F47:F51) -> 9795724.6 | G52: =SUM(G47:G51) -> 10089596 | H52: =SUM(H47:H51) -> 10392284 | I52: =SUM(I47:I51) -> 10704053 | J52: =SUM(J47:J51) -> 11025174 | K52: =SUM(K47:K51) -> 11355930 | ... N52: =SUM(N47:N51) -> 12408931
B54: Other Income | D54: ='Trailing-12 & Pro Forma'!AL26 -> 565600 | E54: =(D54*E90)+D54 -> 582568 | F54: =(E54*F90)+E54 -> 600045.04 | G54: =(F54*G90)+F54 -> 618046.39 | H54: =(G54*H90)+G54 -> 636587.78 | I54: =(H54*I90)+H54 -> 655685.42 | J54: =(I54*J90)+I54 -> 675355.98 | K54: =(J54*K90)+J54 -> 695616.66 | L54: =(K54*L90)+K54 -> 716485.16 | ... N54: =(M54*N90)+M54 -> 760119.1
B56: GROSS INCOME | D56: =SUM(D52:D54) -> 9717883.2 | E56: =SUM(E52:E54) -> 10100943 | F56: =SUM(F52:F54) -> 10395770 | G56: =SUM(G52:G54) -> 10707643 | H56: =SUM(H52:H54) -> 11028872 | I56: =SUM(I52:I54) -> 11359738 | J56: =SUM(J52:J54) -> 11700530 | K56: =SUM(K52:K54) -> 12051546 | ... N56: =SUM(N52:N54) -> 13169050
B57: YOY Growth (%) | E57: =(E56-D56)/D56 -> 0.03941798 | F57: =(F56-E56)/E56 -> 0.029188075 | G57: =(G56-F56)/F56 -> 0.03 | H57: =(H56-G56)/G56 -> 0.03 | I57: =(I56-H56)/H56 -> 0.03 | J57: =(J56-I56)/I56 -> 0.03 | K57: =(K56-J56)/J56 -> 0.03 | L57: =(L56-K56)/K56 -> 0.03 | ... N57: =(N56-M56)/M56 -> 0.03
B59: EXPENSES
B60: Variable Expenses | D60: ='Trailing-12 & Pro Forma'!AL47 -> 3836800 | E60: =(D60*E90)+D60 -> 3951904 | F60: =(E60*F90)+E60 -> 4070461.1 | G60: =(F60*G90)+F60 -> 4192575 | H60: =(G60*H90)+G60 -> 4318352.2 | I60: =(H60*I90)+H60 -> 4447902.8 | J60: =(I60*J90)+I60 -> 4581339.9 | K60: =(J60*K90)+J60 -> 4718780 | L60: =(K60*L90)+K60 -> 4860343.4 | ... N60: =(M60*N90)+M60 -> 5156338.4
B62: Management Fee | D62: ='Trailing-12 & Pro Forma'!AL50 -> 485894.16 | E62: =E56*E91 -> 505047.13 | F62: =F56*F91 -> 519788.48 | G62: =G56*G91 -> 535382.13 | H62: =H56*H91 -> 551443.6 | I62: =I56*I91 -> 567986.91 | J62: =J56*J91 -> 585026.51 | K62: =K56*K91 -> 602577.31 | L62: =L56*L91 -> 620654.63 | ... N62: =N56*N91 -> 658452.5
B63: Real Estate Taxes | D63: ='Trailing-12 & Pro Forma'!AL51 -> 319177.41 | E63: =(D63*E90)+D63 -> 328752.73 | F63: =(E63*F90)+E63 -> 338615.31 | G63: =(F63*G90)+F63 -> 348773.77 | H63: =(G63*H90)+G63 -> 359236.99 | I63: =(H63*I90)+H63 -> 370014.1 | J63: =(I63*J90)+I63 -> 381114.52 | K63: =(J63*K90)+J63 -> 392547.96 | L63: =(K63*L90)+K63 -> 404324.39 | ... N63: =(M63*N90)+M63 -> 428947.75
B64: Property/Liability Insurance | D64: ='Trailing-12 & Pro Forma'!AL52 -> 144000 | E64: =(D64*E90)+D64 -> 148320 | F64: =(E64*F90)+E64 -> 152769.6 | G64: =(F64*G90)+F64 -> 157352.69 | H64: =(G64*H90)+G64 -> 162073.27 | I64: =(H64*I90)+H64 -> 166935.47 | J64: =(I64*J90)+I64 -> 171943.53 | K64: =(J64*K90)+J64 -> 177101.84 | L64: =(K64*L90)+K64 -> 182414.89 | ... N64: =(M64*N90)+M64 -> 193523.96
B65: Total Fixed Expenses | D65: =SUM(D62:D64) -> 949071.57 | E65: =SUM(E62:E64) -> 982119.86 | F65: =SUM(F62:F64) -> 1011173.4 | G65: =SUM(G62:G64) -> 1041508.6 | H65: =SUM(H62:H64) -> 1072753.9 | I65: =SUM(I62:I64) -> 1104936.5 | J65: =SUM(J62:J64) -> 1138084.6 | K65: =SUM(K62:K64) -> 1172227.1 | ... N65: =SUM(N62:N64) -> 1280924.2
B67: TOTAL EXPENSES | D67: =D65+D60 -> 4785871.6 | E67: =E65+E60 -> 4934023.9 | F67: =F65+F60 -> 5081634.5 | G67: =G65+G60 -> 5234083.6 | H67: =H65+H60 -> 5391106.1 | I67: =I65+I60 -> 5552839.2 | J67: =J65+J60 -> 5719424.4 | K67: =K65+K60 -> 5891007.1 | ... N67: =N65+N60 -> 6437262.6
B68: % of Gross Income | D68: =D67/D56 -> 0.49248087 | E68: =E67/E56 -> 0.48847163 | F68: =F67/F56 -> 0.48881754 | G68: =G67/G56 -> 0.48881754 | H68: =H67/H56 -> 0.48881754 | I68: =I67/I56 -> 0.48881754 | J68: =J67/J56 -> 0.48881754 | K68: =K67/K56 -> 0.48881754 | ... N68: =N67/N56 -> 0.48881754
B70: NET OPERATING INCOME | D70: =D56-D67 -> 4932011.6 | E70: =E56-E67 -> 5166918.7 | F70: =F56-F67 -> 5314135.1 | G70: =G56-G67 -> 5473559.1 | H70: =H56-H67 -> 5637765.9 | I70: =I56-I67 -> 5806898.9 | J70: =J56-J67 -> 5981105.9 | K70: =K56-K67 -> 6160539 | ... N70: =N56-N67 -> 6731787.3
B72: CAPITAL EXPENDITURES
B73: Capital Expenditures [Capital Reserves] | D73: ='Trailing-12 & Pro Forma'!AL64 -> 40000 | E73: =(D73*E90)+D73 -> 41200 | F73: =(E73*F90)+E73 -> 42436 | G73: =(F73*G90)+F73 -> 43709.08 | H73: =(G73*H90)+G73 -> 45020.352 | I73: =(H73*I90)+H73 -> 46370.963 | J73: =(I73*J90)+I73 -> 47762.092 | K73: =(J73*K90)+J73 -> 49194.955 | L73: =(K73*L90)+K73 -> 50670.803 | ... N73: =(M73*N90)+M73 -> 53756.655
B74: CASH FLOW FROM OPERATIONS | D74: =D70-D73 -> 4892011.6 | E74: =E70-E73 -> 5125718.7 | F74: =F70-F73 -> 5271699.1 | G74: =G70-G73 -> 5429850.1 | H74: =H70-H73 -> 5592745.6 | I74: =I70-I73 -> 5760527.9 | J74: =J70-J73 -> 5933343.8 | K74: =K70-K73 -> 6111344.1 | ... N74: =N70-N73 -> 6678030.7
B76: DEBT FINANCING
B77: Debt Service | D77: =IF(D41<=$C$19,(VLOOKUP(D41,'Amort. Schedule'!$B$15:$F$24,5)),0) -> 2210000 | E77: =IF(E41<=$C$19,(VLOOKUP(E41,'Amort. Schedule'!$B$15:$F$24,5)),0) -> 2210000 | F77: =IF(F41<=$C$19,(VLOOKUP(F41,'Amort. Schedule'!$B$15:$F$24,5)),0) -> 2210000 | G77: =IF(G41<=$C$19,(VLOOKUP(G41,'Amort. Schedule'!$B$15:$F$24,5)),0) -> 3069704.9 | H77: =IF(H41<=$C$19,(VLOOKUP(H41,'Amort. Schedule'!$B$15:$F$24,5)),0) -> 3069704.9 | I77: =IF(I41<=$C$19,(VLOOKUP(I41,'Amort. Schedule'!$B$15:$F$24,5)),0) -> 3069704.9 | J77: =IF(J41<=$C$19,(VLOOKUP(J41,'Amort. Schedule'!$B$15:$F$24,5)),0) -> 3069704.9 | K77: =IF(K41<=$C$19,(VLOOKUP(K41,'Amort. Schedule'!$B$15:$F$24,5)),0) -> 0 | ... N77: =IF(N41<=$C$19,(VLOOKUP(N41,'Amort. Schedule'!$B$15:$F$24,5)),0) -> 0
B79: CASH FLOW AFTER DEBT FINANCING | D79: =D74-D77 -> 2682011.6 | E79: =E74-E77 -> 2915718.7 | F79: =F74-F77 -> 3061699.1 | G79: =G74-G77 -> 2360145.1 | H79: =H74-H77 -> 2523040.6 | I79: =I74-I77 -> 2690823 | J79: =J74-J77 -> 2863638.8 | K79: =K74-K77 -> 6111344.1 | ... N79: =N74-N77 -> 6678030.7
B81: Debt Service Coverage Ratio | D81: =IF(D77>0,(D74/$C$24),"") -> 1.5936423 | E81: =IF(E77>0,(E74/$C$24),"") -> 1.6697757 | F81: =IF(F77>0,(F74/$C$24),"") -> 1.7173309 | G81: =IF(G77>0,(G74/$C$24),"") -> 1.7688508 | H81: =IF(H77>0,(H74/$C$24),"") -> 1.8219163 | I81: =IF(I77>0,(I74/$C$24),"") -> 1.8765738 | J81: =IF(J77>0,(J74/$C$24),"") -> 1.932871 | K81: =IF(K77>0,(K74/$C$24),"") | ... N81: =IF(N77>0,(N74/$C$24),"")
B83: ASSUMPTIONS | D83: Year 1 | E83: Year 2 | F83: Year 3 | G83: Year 4 | H83: Year 5 | I83: Year 6 | J83: Year 7 | K83: Year 8 | L83: Year 9 | M83: Year 10 | N83: Year 11
B84: Market Rent Growth | D84: 0.06 | E84: 0.04 | F84: 0.04 | G84: 0.03 | H84: 0.03 | I84: 0.03 | J84: 0.03 | K84: 0.03 | L84: 0.03 | M84: 0.03 | N84: 0.03
B85: Loss to Lease | D85: 0 | E85: 0 | F85: 0 | G85: 0 | H85: 0 | I85: 0 | J85: 0 | K85: 0 | L85: 0 | M85: 0 | N85: 0
B86: Vacancy | D86: -0.04 | E86: -0.04 | F86: -0.05 | G86: -0.05 | H86: -0.05 | I86: -0.05 | J86: -0.05 | K86: -0.05 | L86: -0.05 | M86: -0.05 | N86: -0.05
B87: Non Revenue / Respite Units | D87: 0 | E87: 0 | F87: 0 | G87: 0 | H87: 0 | I87: 0 | J87: 0 | K87: 0 | L87: 0 | M87: 0 | N87: 0
B88: Concessions / Discounts | D88: -0.0005 | E88: -0.0005 | F88: -0.0005 | G88: -0.0005 | H88: -0.0005 | I88: -0.0005 | J88: -0.0005 | K88: -0.0005 | L88: -0.0005 | M88: -0.0005 | N88: -0.0005
B89: Bad Debt | D89: -0.002 | E89: -0.002 | F89: -0.002 | G89: -0.002 | H89: -0.002 | I89: -0.002 | J89: -0.002 | K89: -0.002 | L89: -0.002 | M89: -0.002 | N89: -0.002
B90: Inflation Factor | D90: 0 | E90: 0.03 | F90: 0.03 | G90: 0.03 | H90: 0.03 | I90: 0.03 | J90: 0.03 | K90: 0.03 | L90: 0.03 | M90: 0.03 | N90: 0.03
B91: Management Fee | D91: 0.05 | E91: 0.05 | F91: 0.05 | G91: 0.05 | H91: 0.05 | I91: 0.05 | J91: 0.05 | K91: 0.05 | L91: 0.05 | M91: 0.05 | N91: 0.05
B93: Unleveraged Return | C93: Acquisition | D93: =D41 -> 1 | E93: =E41 -> 2 | F93: =F41 -> 3 | G93: =G41 -> 4 | H93: =H41 -> 5 | I93: =I41 -> 6 | J93: =J41 -> 7 | K93: =K41 -> 8 | ... N93: =N41 -> 11
B94: CF | C94: =-C7-C8 -> -80000000 | D94: =IF($C$29>D93,D74,"") -> 4892011.6 | E94: =IF($C$29>E93,E74,"") -> 5125718.7 | F94: =IF($C$29>F93,F74,"") -> 5271699.1 | G94: =IF($C$29>G93,G74,"") -> 5429850.1 | H94: =IF($C$29>H93,H74,"") -> 5592745.6 | I94: =IF($C$29>I93,I74,"") -> 5760527.9 | J94: =IF($C$29>J93,J74,"") -> 5933343.8 | K94: =IF($C$29>K93,K74,"") | ... N94: =IF($C$29>N93,N74,"")
B95: Capital Events | D95: =IF($C$28=D93,$C$34,"") | E95: =IF($C$28=E93,$C$34,"") | F95: =IF($C$28=F93,$C$34,"") | G95: =IF($C$28=G93,$C$34,"") | H95: =IF($C$28=H93,$C$34,"") | I95: =IF($C$28=I93,$C$34,"") | J95: =IF($C$28=J93,$C$34,"") -> 75245924 | K95: =IF($C$28=K93,$C$34,"") | ... N95: =IF($C$28=N93,$C$34,"")
B96: =IRR(C96:N96) -> 0.060302321 | C96: =SUM(C94:C95) -> -80000000 | D96: =SUM(D94:D95) -> 4892011.6 | E96: =SUM(E94:E95) -> 5125718.7 | F96: =SUM(F94:F95) -> 5271699.1 | G96: =SUM(G94:G95) -> 5429850.1 | H96: =SUM(H94:H95) -> 5592745.6 | I96: =SUM(I94:I95) -> 5760527.9 | J96: =SUM(J94:J95) -> 81179268 | ... N96: =SUM(N94:N95) -> 0
B98: Leveraged Return | C98: Acquisition | D98: =D41 -> 1 | E98: =E41 -> 2 | F98: =F41 -> 3 | G98: =G41 -> 4 | H98: =H41 -> 5 | I98: =I41 -> 6 | J98: =J41 -> 7 | K98: =K41 -> 8 | ... N98: =N41 -> 11
B99: CF | C99: =-C11 -> -28520000 | D99: =IF($C$29>D98,D79,"") -> 2682011.6 | E99: =IF($C$29>E98,E79,"") -> 2915718.7 | F99: =IF($C$29>F98,F79,"") -> 3061699.1 | G99: =IF($C$29>G98,G79,"") -> 2360145.1 | H99: =IF($C$29>H98,H79,"") -> 2523040.6 | I99: =IF($C$29>I98,I79,"") -> 2690823 | J99: =IF($C$29>J98,J79,"") -> 2863638.8 | K99: =IF($C$29>K98,K79,"") | ... N99: =IF($C$29>N98,N79,"")
B100: Capital Events | D100: =IF($C$28=D98,$C$36,"") | E100: =IF($C$28=E98,$C$36,"") | F100: =IF($C$28=F98,$C$36,"") | G100: =IF($C$28=G98,$C$36,"") | H100: =IF($C$28=H98,$C$36,"") | I100: =IF($C$28=I98,$C$36,"") | J100: =IF($C$28=J98,$C$36,"") -> 26987136 | K100: =IF($C$28=K98,$C$36,"") | ... N100: =IF($C$28=N98,$C$36,"")
B101: =IRR(C101:N101) -> 0.090031947 | C101: =SUM(C99:C100) -> -28520000 | D101: =SUM(D99:D100) -> 2682011.6 | E101: =SUM(E99:E100) -> 2915718.7 | F101: =SUM(F99:F100) -> 3061699.1 | G101: =SUM(G99:G100) -> 2360145.1 | H101: =SUM(H99:H100) -> 2523040.6 | I101: =SUM(I99:I100) -> 2690823 | J101: =SUM(J99:J100) -> 29850774 | ... N101: =SUM(N99:N100) -> 0
B103: Returns
B104: ="Unleveraged "&TEXT($C$28,"0")&" YR IRR" -> Unleveraged 7 YR IRR | D104: =B96 -> 0.060302321
B105: ="Leveraged "&TEXT($C$28,"0")&" YR IRR" -> Leveraged 7 YR IRR | D105: =B101 -> 0.090031947
B106: Capitalization Rate | D106: =D74/($C$7+$C$8) -> 0.061150145 | E106: =E74/($C$7+$C$8) -> 0.064071483 | F106: =F74/($C$7+$C$8) -> 0.065896239 | G106: =G74/($C$7+$C$8) -> 0.067873126 | H106: =H74/($C$7+$C$8) -> 0.069909319 | I106: =I74/($C$7+$C$8) -> 0.072006599 | J106: =J74/($C$7+$C$8) -> 0.074166797 | K106: =K74/($C$7+$C$8) -> 0.076391801 | ... N106: =N74/($C$7+$C$8) -> 0.083475383
B107: Leveraged Cash Return | D107: =D79/$C$11 -> 0.094039679 | E107: =E79/$C$11 -> 0.10223418 | F107: =F79/$C$11 -> 0.1073527 | G107: =G79/$C$11 -> 0.082754037 | H107: =H79/$C$11 -> 0.088465661 | I107: =I79/$C$11 -> 0.094348633 | J107: =J79/$C$11 -> 0.10040809 | K107: =K79/$C$11 -> 0.21428275 | ... N107: =N79/$C$11 -> 0.23415255
B108: =""&TEXT($C$28,"0")&" YR AVG Cash Return" -> 7 YR AVG Cash Return | D108: =AVERAGE(D112:N112) -> 0.095657569
D109: =#REF! -> #REF! | E109: =#REF! -> #REF! | F109: =#REF! -> #REF! | G109: =#REF! -> #REF! | H109: =#REF! -> #REF! | I109: =#REF! -> #REF! | J109: =#REF! -> #REF! | K109: =#REF! -> #REF! | ... N109: =#REF! -> #REF!
D111: 1 | E111: 2 | F111: 3 | G111: 4 | H111: 5 | I111: 6 | J111: 7 | K111: 8 | L111: 9 | M111: 10 | N111: 11
B112: =""&TEXT($C$28,"0")&" YR AVG Cash Return Calculation" -> 7 YR AVG Cash Return Calculation | D112: =IF($C$29>D41,D107,"") -> 0.094039679 | E112: =IF($C$29>E41,E107,"") -> 0.10223418 | F112: =IF($C$29>F41,F107,"") -> 0.1073527 | G112: =IF($C$29>G41,G107,"") -> 0.082754037 | H112: =IF($C$29>H41,H107,"") -> 0.088465661 | I112: =IF($C$29>I41,I107,"") -> 0.094348633 | J112: =IF($C$29>J41,J107,"") -> 0.10040809 | K112: =IF($C$29>K41,K107,"") | ... N112: =IF($C$29>N41,N107,"")

Sheet Trailing-12 & Pro Forma
B2: =Description!C4 -> Building I Want | AI2: Year 1 Pro Forma | AN2: Assumptions Check
B3: Operating Statement | AI3: Pro Forma & Assumptions | AN3: Validate Assumptions in Columns AI and AJ
B4: ="For Month Ending "&TEXT(R5,"mmmmmmmmm yyyy")&"" -> For Month Ending March 2017 | AI4: Links to 'Projection' Tab
D5: =EOMONTH(E5,-1) -> 42400 | E5: =EOMONTH(F5,-1) -> 42429 | F5: =EOMONTH(G5,-1) -> 42460 | G5: =EOMONTH(H5,-1) -> 42490 | H5: =EOMONTH(I5,-1) -> 42521 | I5: =EOMONTH(J5,-1) -> 42551 | J5: =EOMONTH(K5,-1) -> 42582 | K5: =EOMONTH(L5,-1) -> 42613 | ... Q5: =EOMONTH(R5,-1) -> 42794 | R5: =Projection!C17 -> 42825 | T5: Trailing 12 | U5: Trailing 12 | W5: Trailing 9 | X5: Trailing 9 | Z5: Trailing 6 | AA5: Trailing 6 | AC5: Trailing 3 | AD5: Trailing 3 | AF5: Trailing 1 | AG5: Trailing 1 | AI5: Assumptions | AJ5: Assumptions | AL5: Year 1 | AN5: ='Trailing-12 & Pro Forma'!Z5 -> Trailing 6 | AP5: ='Trailing-12 & Pro Forma'!AC5 -> Trailing 3 | AR5: ='Trailing-12 & Pro Forma'!AF5 -> Trailing 1 | AT5: Average
D6: Actual | E6: Actual | F6: Actual | G6: Actual | H6: Actual | I6: Actual | J6: Actual | K6: Actual | L6: Actual | M6: Actual | N6: Actual | O6: Actual | P6: Actual | Q6: Actual | R6: Actual | T6: Total | U6: Per Unit | W6: Annualized | X6: Per Unit | Z6: Annualized | AA6: Per Unit | AC6: Annualized | AD6: Per Unit | AF6: Annualized | AG6: Per Unit | AI6: % | AJ6: $ / UNIT | AL6: Pro Forma | AN6: $ / UNIT | AP6: $ / UNIT | AR6: $ / UNIT | AT6: $ / UNIT
B7: INCOME
B8: Effective Rental Income
B9: Rental Income | D9: 707145.24 | E9: 708823.83 | F9: 708186.29 | G9: 697354.79 | H9: 701321.28 | I9: 695826.65 | J9: 714512.74 | K9: 699347.08 | L9: 705633.92 | M9: 710728.46 | N9: 715112.98 | O9: 722391.92 | P9: 748751.06 | Q9: 740315.51 | R9: 740918.94 | T9: =SUM(G9:R9) -> 8592215.3 | U9: =T9/Units -> 53701.346 | W9: =(SUM(J9:R9)/9)*12 -> 8663616.8 | X9: =W9/Units -> 54147.605 | Z9: =(SUM(M9:R9)/6)*12 -> 8756437.7 | AA9: =Z9/Units -> 54727.736 | AC9: =(SUM(P9:R9)/3)*12 -> 8919942 | AD9: =AC9/Units -> 55749.638 | AF9: =R9*12 -> 8891027.3 | AG9: =AF9/Units -> 55568.92 | AI9: 0.06 | AL9: ='Rent Roll Summary'!S12*(1+AI9) -> 9558520.3
B10: Gain/Loss to Lease | D10: 0 | E10: 0 | F10: 0 | G10: 0 | H10: 0 | I10: 0 | J10: 0 | K10: 0 | L10: 0 | M10: 0 | N10: 0 | O10: 0 | P10: 0 | Q10: 0 | R10: 0 | T10: =SUM(G10:R10) -> 0 | U10: =T10/Units -> 0 | W10: =(SUM(J10:R10)/9)*12 -> 0 | X10: =W10/Units -> 0 | Z10: =(SUM(M10:R10)/6)*12 -> 0 | AA10: =Z10/Units -> 0 | AC10: =(SUM(P10:R10)/3)*12 -> 0 | AD10: =AC10/Units -> 0 | AF10: =R10*12 -> 0 | AG10: =AF10/Units -> 0 | AL10: 0
B12: Gross Potential Income | D12: =SUM(D9:D10) -> 707145.24 | E12: =SUM(E9:E10) -> 708823.83 | F12: =SUM(F9:F10) -> 708186.29 | G12: =SUM(G9:G10) -> 697354.79 | H12: =SUM(H9:H10) -> 701321.28 | I12: =SUM(I9:I10) -> 695826.65 | J12: =SUM(J9:J10) -> 714512.74 | K12: =SUM(K9:K10) -> 699347.08 | ... R12: =SUM(R9:R10) -> 740918.94 | T12: =SUM(T9:T10) -> 8592215.3 | U12: =T12/Units -> 53701.346 | W12: =SUM(W9:W10) -> 8663616.8 | X12: =W12/Units -> 54147.605 | Z12: =SUM(Z9:Z10) -> 8756437.7 | AA12: =Z12/Units -> 54727.736 | AC12: =SUM(AC9:AC10) -> 8919942 | AD12: =AC12/Units -> 55749.638 | AF12: =SUM(AF9:AF10) -> 8891027.3 | AG12: =AF12/Units -> 55568.92 | AL12: =SUM(AL9:AL9) -> 9558520.3 | AN12: ='Trailing-12 & Pro Forma'!AA12 -> 54727.736 | AP12: ='Trailing-12 & Pro Forma'!AD12 -> 55749.638 | AR12: ='Trailing-12 & Pro Forma'!AG12 -> 55568.92 | AT12: =AVERAGE(AR12,AP12,AN12) -> 55348.765
B14: Vacancy | D14: 0 | E14: 0 | F14: 0 | G14: 0 | H14: 0 | I14: 0 | J14: 0 | K14: 0 | L14: 0 | M14: 0 | N14: 0 | O14: 0 | P14: 0 | Q14: 0 | R14: 0 | T14: =SUM(G14:R14) -> 0 | U14: =T14/Units -> 0 | W14: =(SUM(J14:R14)/9)*12 -> 0 | X14: =W14/Units -> 0 | Z14: =(SUM(M14:R14)/6)*12 -> 0 | AA14: =Z14/Units -> 0 | AC14: =(SUM(P14:R14)/3)*12 -> 0 | AD14: =AC14/Units -> 0 | AF14: =R14*12 -> 0 | AG14: =AF14/Units -> 0 | AI14: -0.04 | AL14: =AL$12*AI14 -> -382340.81
B15: Concessions | D15: -579.9 | E15: -472.61 | F15: -861.39 | G15: -942.95 | H15: -1064.28 | I15: -1059.04 | J15: -2812.85 | K15: -3471.53 | L15: -3589.35 | M15: -827.49 | N15: -294.84 | O15: -476.79 | P15: -652.78 | Q15: -1844.61 | R15: -870.56 | T15: =SUM(G15:R15) -> -17907.07 | U15: =T15/Units -> -111.91919 | W15: =(SUM(J15:R15)/9)*12 -> -19787.733 | X15: =W15/Units -> -123.67333 | Z15: =(SUM(M15:R15)/6)*12 -> -9934.14 | AA15: =Z15/Units -> -62.088375 | AC15: =(SUM(P15:R15)/3)*12 -> -13471.8 | AD15: =AC15/Units -> -84.19875 | AF15: =R15*12 -> -10446.72 | AG15: =AF15/Units -> -65.292 | AI15: -0.0005 | AL15: =AL$12*AI15 -> -4779.2602
B16: Delinquency/Credit Loss/Bad Debt | D16: -1192.87 | E16: -1189.84 | F16: 3134.08 | G16: -1186.67 | H16: -1187.67 | I16: 2264.67 | J16: -1206.24 | K16: -1210.5 | L16: 1597.57 | M16: -1211.66 | N16: -1213.42 | O16: 2710.21 | P16: -923.35 | Q16: -24.32 | R16: -178.39 | T16: =SUM(G16:R16) -> -1769.77 | U16: =T16/Units -> -11.061063 | W16: =(SUM(J16:R16)/9)*12 -> -2213.4667 | X16: =W16/Units -> -13.834167 | Z16: =(SUM(M16:R16)/6)*12 -> -1681.86 | AA16: =Z16/Units -> -10.511625 | AC16: =(SUM(P16:R16)/3)*12 -> -4504.24 | AD16: =AC16/Units -> -28.1515 | AF16: =R16*12 -> -2140.68 | AG16: =AF16/Units -> -13.37925 | AI16: -0.002 | AL16: =AL$12*AI16 -> -19117.041
B18: Total Rental Income | D18: =SUM(D12:D16) -> 705372.47 | E18: =SUM(E12:E16) -> 707161.38 | F18: =SUM(F12:F16) -> 710458.98 | G18: =SUM(G12:G16) -> 695225.17 | H18: =SUM(H12:H16) -> 699069.33 | I18: =SUM(I12:I16) -> 697032.28 | J18: =SUM(J12:J16) -> 710493.65 | K18: =SUM(K12:K16) -> 694665.05 | ... R18: =SUM(R12:R16) -> 739869.99 | T18: =SUM(T12:T16) -> 8572538.5 | U18: =T18/Units -> 53578.366 | W18: =SUM(W12:W16) -> 8641615.6 | X18: =W18/Units -> 54010.098 | Z18: =SUM(Z12:Z16) -> 8744821.7 | AA18: =Z18/Units -> 54655.136 | AC18: =SUM(AC12:AC16) -> 8901966 | AD18: =AC18/Units -> 55637.287 | AF18: =SUM(AF12:AF16) -> 8878439.9 | AG18: =AF18/Units -> 55490.249 | AL18: =SUM(AL12:AL16) -> 9152283.2 | AN18: ='Trailing-12 & Pro Forma'!AA18 -> 54655.136 | AP18: ='Trailing-12 & Pro Forma'!AD18 -> 55637.287 | AR18: ='Trailing-12 & Pro Forma'!AG18 -> 55490.249 | AT18: =AVERAGE(AR18,AP18,AN18) -> 55260.891
B20: Other Income | W20: =(SUM(H20:P20)/9)*12 -> 0 | Z20: =(SUM(K20:P20)/6)*12 -> 0 | AC20: =(SUM(N20:P20)/3)*12 -> 0 | AF20: =P20*12 -> 0
B21: Laundry | D21: 13295.91 | E21: 11007.97 | F21: 11456.27 | G21: 10126.71 | H21: 10374.16 | I21: 10698.78 | J21: 11378.99 | K21: 11456.27 | L21: 12321.99 | M21: 12553.86 | N21: 14110.36 | O21: 14036.8 | P21: 13660.06 | Q21: 13532.05 | R21: 11564.13 | T21: =SUM(G21:R21) -> 145814.16 | U21: =T21/Units -> 911.3385 | W21: =(SUM(J21:R21)/9)*12 -> 152819.35 | X21: =W21/Units -> 955.12092 | Z21: =(SUM(M21:R21)/6)*12 -> 158914.52 | AA21: =Z21/Units -> 993.21575 | AC21: =(SUM(P21:R21)/3)*12 -> 155024.96 | AD21: =AC21/Units -> 968.906 | AF21: =R21*12 -> 138769.56 | AG21: =AF21/Units -> 867.30975 | AJ21: 950 | AL21: =AJ21*Units -> 152000 | AN21: ='Trailing-12 & Pro Forma'!AA21 -> 993.21575 | AP21: ='Trailing-12 & Pro Forma'!AD21 -> 968.906 | AR21: ='Trailing-12 & Pro Forma'!AG21 -> 867.30975 | AT21: =AVERAGE(AR21,AP21,AN21) -> 943.14383
B22: Parking | D22: 7360 | E22: 6094 | F22: 6342 | G22: 5606 | H22: 5743 | I22: 5923 | J22: 6300 | K22: 6343 | L22: 6822 | M22: 6950 | N22: 7812 | O22: 7771 | P22: 7562 | Q22: 7491 | R22: 6402 | T22: =SUM(G22:R22) -> 80725 | U22: =T22/Units -> 504.53125 | W22: =(SUM(J22:R22)/9)*12 -> 84604 | X22: =W22/Units -> 528.775 | Z22: =(SUM(M22:R22)/6)*12 -> 87976 | AA22: =Z22/Units -> 549.85 | AC22: =(SUM(P22:R22)/3)*12 -> 85820 | AD22: =AC22/Units -> 536.375 | AF22: =R22*12 -> 76824 | AG22: =AF22/Units -> 480.15 | AJ22: 25 | AL22: =AJ22*Units -> 4000 | AN22: ='Trailing-12 & Pro Forma'!AA22 -> 549.85 | AP22: ='Trailing-12 & Pro Forma'!AD22 -> 536.375 | AR22: ='Trailing-12 & Pro Forma'!AG22 -> 480.15 | AT22: =AVERAGE(AR22,AP22,AN22) -> 522.125
B23: Late Fee Revenue | D23: 294.69 | E23: 0 | F23: 294.69 | G23: 857.54 | H23: 376.41 | I23: -884.06 | J23: 294.69 | K23: 294.69 | L23: 884.06 | M23: 1835.2 | N23: -18.86 | O23: 1473.44 | P23: 868.74 | Q23: 2372.82 | R23: 496.93 | T23: =SUM(G23:R23) -> 8851.6 | U23: =T23/Units -> 55.3225 | W23: =(SUM(J23:R23)/9)*12 -> 11335.613 | X23: =W23/Units -> 70.847583 | Z23: =(SUM(M23:R23)/6)*12 -> 14056.54 | AA23: =Z23/Units -> 87.853375 | AC23: =(SUM(P23:R23)/3)*12 -> 14953.96 | AD23: =AC23/Units -> 93.46225 | AF23: =R23*12 -> 5963.16 | AG23: =AF23/Units -> 37.26975 | AJ23: 60 | AL23: =AJ23*Units -> 9600 | AN23: ='Trailing-12 & Pro Forma'!AA23 -> 87.853375 | AP23: ='Trailing-12 & Pro Forma'!AD23 -> 93.46225 | AR23: ='Trailing-12 & Pro Forma'!AG23 -> 37.26975 | AT23: =AVERAGE(AR23,AP23,AN23) -> 72.861792
B24: Other Resident Revenue | D24: 19752.79 | E24: 21233.23 | F24: 32365.65 | G24: 29247.1 | H24: 37005.35 | I24: 38101.42 | J24: 60376.06 | K24: 38822.89 | L24: 34056.2 | M24: 37642.73 | N24: 40672.45 | O24: 44597.62 | P24: 31244.51 | Q24: 29688.85 | R24: 28270.5 | T24: =SUM(G24:R24) -> 449725.68 | U24: =T24/Units -> 2810.7855 | W24: =(SUM(J24:R24)/9)*12 -> 460495.75 | X24: =W24/Units -> 2878.0984 | Z24: =(SUM(M24:R24)/6)*12 -> 424233.32 | AA24: =Z24/Units -> 2651.4582 | AC24: =(SUM(P24:R24)/3)*12 -> 356815.44 | AD24: =AC24/Units -> 2230.0965 | AF24: =R24*12 -> 339246 | AG24: =AF24/Units -> 2120.2875 | AJ24: 2500 | AL24: =AJ24*Units -> 400000 | AN24: ='Trailing-12 & Pro Forma'!AA24 -> 2651.4582 | AP24: ='Trailing-12 & Pro Forma'!AD24 -> 2230.0965 | AR24: ='Trailing-12 & Pro Forma'!AG24 -> 2120.2875 | AT24: =AVERAGE(AR24,AP24,AN24) -> 2333.9474
T25: =SUM(G25:R25) -> 0 | W25: =(SUM(J25:R25)/9)*12 -> 0 | Z25: =(SUM(M25:R25)/6)*12 -> 0 | AC25: =(SUM(P25:R25)/3)*12 -> 0 | AF25: =R25*12 -> 0
B26: Total Other Income | D26: =SUM(D21:D25) -> 40703.39 | E26: =SUM(E21:E25) -> 38335.2 | F26: =SUM(F21:F25) -> 50458.61 | G26: =SUM(G21:G25) -> 45837.35 | H26: =SUM(H21:H25) -> 53498.92 | I26: =SUM(I21:I25) -> 53839.14 | J26: =SUM(J21:J25) -> 78349.74 | K26: =SUM(K21:K25) -> 56916.85 | ... R26: =SUM(R21:R25) -> 46733.56 | T26: =SUM(T21:T25) -> 685116.44 | U26: =T26/Units -> 4281.9778 | W26: =SUM(W21:W25) -> 709254.71 | X26: =W26/Units -> 4432.8419 | Z26: =SUM(Z21:Z25) -> 685180.38 | AA26: =Z26/Units -> 4282.3774 | AC26: =SUM(AC21:AC25) -> 612614.36 | AD26: =AC26/Units -> 3828.8398 | AF26: =SUM(AF21:AF25) -> 560802.72 | AG26: =AF26/Units -> 3505.017 | AL26: =SUM(AL21:AL24) -> 565600 | AN26: ='Trailing-12 & Pro Forma'!AA26 -> 4282.3774 | AP26: ='Trailing-12 & Pro Forma'!AD26 -> 3828.8398 | AR26: ='Trailing-12 & Pro Forma'!AG26 -> 3505.017 | AT26: =AVERAGE(AR26,AP26,AN26) -> 3872.078
B28: TOTAL INCOME | D28: =D18+D26 -> 746075.86 | E28: =E18+E26 -> 745496.58 | F28: =F18+F26 -> 760917.59 | G28: =G18+G26 -> 741062.52 | H28: =H18+H26 -> 752568.25 | I28: =I18+I26 -> 750871.42 | J28: =J18+J26 -> 788843.39 | K28: =K18+K26 -> 751581.9 | ... R28: =R18+R26 -> 786603.55 | T28: =T18+T26 -> 9257654.9 | U28: =T28/Units -> 57860.343 | W28: =W18+W26 -> 9350870.3 | X28: =W28/Units -> 58442.94 | Z28: =Z18+Z26 -> 9430002.1 | AA28: =Z28/Units -> 58937.513 | AC28: =AC18+AC26 -> 9514580.4 | AD28: =AC28/Units -> 59466.127 | AF28: =AF18+AF26 -> 9439242.6 | AG28: =AF28/Units -> 58995.266 | AL28: =AL18+AL26 -> 9717883.2 | AN28: ='Trailing-12 & Pro Forma'!AA28 -> 58937.513 | AP28: ='Trailing-12 & Pro Forma'!AD28 -> 59466.127 | AR28: ='Trailing-12 & Pro Forma'!AG28 -> 58995.266 | AT28: =AVERAGE(AR28,AP28,AN28) -> 59132.969
B30: OPERATING EXPENSES
B31: Administrative | D31: 238193.3 | E31: 213363.98 | F31: 232260.47 | G31: 241930.41 | H31: 261708.6 | I31: 245349.29 | J31: 290106.98 | K31: 245594.58 | L31: 240868.84 | M31: 280327.47 | N31: 245127.21 | O31: 274841.45 | P31: 270735.07 | Q31: 247075.59 | R31: 271204.65 | T31: =SUM(G31:R31) -> 3114870.1 | U31: =T31/Units -> 19467.938 | W31: =(SUM(J31:R31)/9)*12 -> 3154509.1 | X31: =W31/Units -> 19715.682 | Z31: =(SUM(M31:R31)/6)*12 -> 3178622.9 | AA31: =Z31/Units -> 19866.393 | AC31: =(SUM(P31:R31)/3)*12 -> 3156061.2 | AD31: =AC31/Units -> 19725.383 | AF31: =R31*12 -> 3254455.8 | AG31: =AF31/Units -> 20340.349 | AJ31: 19800 | AL31: =AJ31*Units -> 3168000 | AN31: ='Trailing-12 & Pro Forma'!AA31 -> 19866.393 | AP31: ='Trailing-12 & Pro Forma'!AD31 -> 19725.383 | AR31: ='Trailing-12 & Pro Forma'!AG31 -> 20340.349 | AT31: =AVERAGE(AR31,AP31,AN31) -> 19977.375
B32: Advertising | D32: 6939.3 | E32: 6001.04 | F32: 27809.18 | G32: 0 | H32: 8349.94 | I32: 3859.6 | J32: 13026.17 | K32: 2321.84 | L32: 11654.96 | M32: -1285.06 | N32: 7679.93 | O32: 8891.18 | P32: 7546.79 | Q32: 5416.34 | R32: 4143.14 | T32: =SUM(G32:R32) -> 71604.83 | U32: =T32/Units -> 447.53019 | W32: =(SUM(J32:R32)/9)*12 -> 79193.72 | X32: =W32/Units -> 494.96075 | Z32: =(SUM(M32:R32)/6)*12 -> 64784.64 | AA32: =Z32/Units -> 404.904 | AC32: =(SUM(P32:R32)/3)*12 -> 68425.08 | AD32: =AC32/Units -> 427.65675 | AF32: =R32*12 -> 49717.68 | AG32: =AF32/Units -> 310.7355
B33: Supplies | D33: 11483.05 | E33: 11545.85 | F33: 12353.44 | G33: 10512.78 | H33: 11719.37 | I33: 11160.98 | J33: 14759.44 | K33: 14165.57 | L33: 15505.36 | M33: 10674.3 | N33: 12108.79 | O33: 13849.64 | P33: 11751.81 | Q33: 20313.18 | R33: 10493.19 | T33: =SUM(G33:R33) -> 157014.41 | U33: =T33/Units -> 981.34006 | W33: =(SUM(J33:R33)/9)*12 -> 164828.37 | X33: =W33/Units -> 1030.1773 | Z33: =(SUM(M33:R33)/6)*12 -> 158381.82 | AA33: =Z33/Units -> 989.88638 | AC33: =(SUM(P33:R33)/3)*12 -> 170232.72 | AD33: =AC33/Units -> 1063.9545 | AF33: =R33*12 -> 125918.28 | AG33: =AF33/Units -> 786.98925 | AJ33: 980 | AL33: =AJ33*Units -> 156800 | AN33: ='Trailing-12 & Pro Forma'!AA33 -> 989.88638 | AP33: ='Trailing-12 & Pro Forma'!AD33 -> 1063.9545 | AR33: ='Trailing-12 & Pro Forma'!AG33 -> 786.98925 | AT33: =AVERAGE(AR33,AP33,AN33) -> 946.94337
B34: Repairs and Maintenance | D34: 10768.03 | E34: 8472.73 | F34: 14882.53 | G34: 14709.94 | H34: 14229.6 | I34: 20406.24 | J34: 7924.61 | K34: 21995.79 | L34: 10875.53 | M34: 4014.66 | N34: 11634.66 | O34: 17898.98 | P34: 7879.45 | Q34: 7982.98 | R34: 12884.41 | T34: =SUM(G34:R34) -> 152436.85 | U34: =T34/Units -> 952.73031 | W34: =(SUM(J34:R34)/9)*12 -> 137454.76 | X34: =W34/Units -> 859.09225 | Z34: =(SUM(M34:R34)/6)*12 -> 124590.28 | AA34: =Z34/Units -> 778.68925 | AC34: =(SUM(P34:R34)/3)*12 -> 114987.36 | AD34: =AC34/Units -> 718.671 | AF34: =R34*12 -> 154612.92 | AG34: =AF34/Units -> 966.33075 | AJ34: 950 | AL34: =AJ34*Units -> 152000 | AN34: ='Trailing-12 & Pro Forma'!AA34 -> 778.68925 | AP34: ='Trailing-12 & Pro Forma'!AD34 -> 718.671 | AR34: ='Trailing-12 & Pro Forma'!AG34 -> 966.33075 | AT34: =AVERAGE(AR34,AP34,AN34) -> 821.23033
B35: Electricity | D35: 16013 | E35: 18929.95 | F35: 20472.14 | G35: 17567.83 | H35: 18072.53 | I35: 18742.41 | J35: 23329.03 | K35: 25558.71 | L35: 22516.83 | M35: 23104.32 | N35: 24016.52 | O35: 22814.61 | P35: 19003.32 | Q35: 24408.59 | R35: 21573.34 | T35: =SUM(G35:R35) -> 260708.04 | U35: =T35/Units -> 1629.4252 | W35: =(SUM(J35:R35)/9)*12 -> 275100.36 | X35: =W35/Units -> 1719.3773 | Z35: =(SUM(M35:R35)/6)*12 -> 269841.4 | AA35: =Z35/Units -> 1686.5087 | AC35: =(SUM(P35:R35)/3)*12 -> 259941 | AD35: =AC35/Units -> 1624.6312 | AF35: =R35*12 -> 258880.08 | AG35: =AF35/Units -> 1618.0005
B36: Water | D36: 3200 | E36: 3782.92 | F36: 4091.1 | G36: 3510.71 | H36: 3611.57 | I36: 3745.44 | J36: 4662.02 | K36: 5107.59 | L36: 4499.71 | M36: 4617.11 | N36: 4799.4 | O36: 4559.22 | P36: 3797.58 | Q36: 4877.76 | R36: 4311.17 | T36: =SUM(G36:R36) -> 52099.28 | U36: =T36/Units -> 325.6205 | W36: =(SUM(J36:R36)/9)*12 -> 54975.413 | X36: =W36/Units -> 343.59633 | Z36: =(SUM(M36:R36)/6)*12 -> 53924.48 | AA36: =Z36/Units -> 337.028 | AC36: =(SUM(P36:R36)/3)*12 -> 51946.04 | AD36: =AC36/Units -> 324.66275 | AF36: =R36*12 -> 51734.04 | AG36: =AF36/Units -> 323.33775
B37: Trash Removal | D37: 800 | E37: 945.73 | F37: 1022.78 | G37: 877.68 | H37: 902.89 | I37: 936.36 | J37: 1165.5 | K37: 1276.9 | L37: 1124.93 | M37: 1154.28 | N37: 1199.85 | O37: 1139.8 | P37: 949.39 | Q37: 1219.44 | R37: 1077.79 | T37: =SUM(G37:R37) -> 13024.81 | U37: =T37/Units -> 81.405062 | W37: =(SUM(J37:R37)/9)*12 -> 13743.84 | X37: =W37/Units -> 85.899 | Z37: =(SUM(M37:R37)/6)*12 -> 13481.1 | AA37: =Z37/Units -> 84.256875 | AC37: =(SUM(P37:R37)/3)*12 -> 12986.48 | AD37: =AC37/Units -> 81.1655 | AF37: =R37*12 -> 12933.48 | AG37: =AF37/Units -> 80.83425
B38: Pest Control | D38: 0 | E38: 0 | F38: 0 | G38: 0 | H38: 0 | I38: 0 | J38: 0 | K38: 0 | L38: 0 | M38: 0 | N38: 0 | O38: 0 | P38: 0 | Q38: 0 | R38: 0 | T38: =SUM(G38:R38) -> 0 | U38: =T38/Units -> 0 | W38: =(SUM(J38:R38)/9)*12 -> 0 | X38: =W38/Units -> 0 | Z38: =(SUM(M38:R38)/6)*12 -> 0 | AA38: =Z38/Units -> 0 | AC38: =(SUM(P38:R38)/3)*12 -> 0 | AD38: =AC38/Units -> 0 | AF38: =R38*12 -> 0 | AG38: =AF38/Units -> 0
B39: Contract Services | D39: 9652.38 | E39: 7873.48 | F39: 6863.91 | G39: 11951.72 | H39: 9515.99 | I39: 9459.88 | J39: 13867.96 | K39: 11754.33 | L39: 8847.14 | M39: 12659.54 | N39: 8591.74 | O39: 10482.72 | P39: 10144.22 | Q39: 10988.86 | R39: 8008.5 | T39: =SUM(G39:R39) -> 126272.6 | U39: =T39/Units -> 789.20375 | W39: =(SUM(J39:R39)/9)*12 -> 127126.68 | X39: =W39/Units -> 794.54175 | Z39: =(SUM(M39:R39)/6)*12 -> 121751.16 | AA39: =Z39/Units -> 760.94475 | AC39: =(SUM(P39:R39)/3)*12 -> 116566.32 | AD39: =AC39/Units -> 728.5395 | AF39: =R39*12 -> 96102 | AG39: =AF39/Units -> 600.6375 | AJ39: 725 | AL39: =AJ39*Units -> 116000 | AN39: ='Trailing-12 & Pro Forma'!AA39 -> 760.94475 | AP39: ='Trailing-12 & Pro Forma'!AD39 -> 728.5395 | AR39: ='Trailing-12 & Pro Forma'!AG39 -> 600.6375 | AT39: =AVERAGE(AR39,AP39,AN39) -> 696.70725
B40: Telephone | D40: 6641.01 | E40: 6129.23 | F40: 6861.92 | G40: 9073.64 | H40: 6936.86 | I40: 6200.39 | J40: 6358.72 | K40: 7693.47 | L40: 6263.91 | M40: 6597.53 | N40: 6249.47 | O40: 7887.36 | P40: 6403.71 | Q40: 7026.4 | R40: 6336.48 | T40: =SUM(G40:R40) -> 83027.94 | U40: =T40/Units -> 518.92462 | W40: =(SUM(J40:R40)/9)*12 -> 81089.4 | X40: =W40/Units -> 506.80875 | Z40: =(SUM(M40:R40)/6)*12 -> 81001.9 | AA40: =Z40/Units -> 506.26187 | AC40: =(SUM(P40:R40)/3)*12 -> 79066.36 | AD40: =AC40/Units -> 494.16475 | AF40: =R40*12 -> 76037.76 | AG40: =AF40/Units -> 475.236 | AJ40: 535 | AL40: =AJ40*Units -> 85600 | AN40: ='Trailing-12 & Pro Forma'!AA40 -> 506.26187 | AP40: ='Trailing-12 & Pro Forma'!AD40 -> 494.16475 | AR40: ='Trailing-12 & Pro Forma'!AG40 -> 475.236 | AT40: =AVERAGE(AR40,AP40,AN40) -> 491.88754
B41: Staff Development | D41: 5315.64 | E41: 2466.91 | F41: 6978.95 | G41: 3620.88 | H41: 4875.56 | I41: 3709.56 | J41: 2452.91 | K41: 3950.14 | L41: 5148.56 | M41: 4191.14 | N41: 2871.21 | O41: 2507.6 | P41: 3585.77 | Q41: 2315.98 | R41: 4740.99 | T41: =SUM(G41:R41) -> 43970.3 | U41: =T41/Units -> 274.81437 | W41: =(SUM(J41:R41)/9)*12 -> 42352.4 | X41: =W41/Units -> 264.7025 | Z41: =(SUM(M41:R41)/6)*12 -> 40425.38 | AA41: =Z41/Units -> 252.65863 | AC41: =(SUM(P41:R41)/3)*12 -> 42570.96 | AD41: =AC41/Units -> 266.0685 | AF41: =R41*12 -> 56891.88 | AG41: =AF41/Units -> 355.57425 | AJ41: 255 | AL41: =AJ41*Units -> 40800 | AN41: ='Trailing-12 & Pro Forma'!AA41 -> 252.65863 | AP41: ='Trailing-12 & Pro Forma'!AD41 -> 266.0685 | AR41: ='Trailing-12 & Pro Forma'!AG41 -> 355.57425 | AT41: =AVERAGE(AR41,AP41,AN41) -> 291.43379
B42: Professional Fees | D42: 2195.15 | E42: 2196 | F42: 7437.42 | G42: 2148.67 | H42: 2403.49 | I42: 2376.89 | J42: 2212.48 | K42: 7595.04 | L42: 2734.28 | M42: 2548.23 | N42: 5675.12 | O42: 2080.15 | P42: 3533.28 | Q42: 3973.06 | R42: 3569.53 | T42: =SUM(G42:R42) -> 40850.22 | U42: =T42/Units -> 255.31387 | W42: =(SUM(J42:R42)/9)*12 -> 45228.227 | X42: =W42/Units -> 282.67642 | Z42: =(SUM(M42:R42)/6)*12 -> 42758.74 | AA42: =Z42/Units -> 267.24212 | AC42: =(SUM(P42:R42)/3)*12 -> 44303.48 | AD42: =AC42/Units -> 276.89675 | AF42: =R42*12 -> 42834.36 | AG42: =AF42/Units -> 267.71475 | AJ42: 280 | AL42: =AJ42*Units -> 44800 | AN42: ='Trailing-12 & Pro Forma'!AA42 -> 267.24212 | AP42: ='Trailing-12 & Pro Forma'!AD42 -> 276.89675 | AR42: ='Trailing-12 & Pro Forma'!AG42 -> 267.71475 | AT42: =AVERAGE(AR42,AP42,AN42) -> 270.61787
B43: Miscellaneous | D43: 3583.38 | E43: 1672.85 | F43: 1671.33 | G43: 13586.36 | H43: -4919.79 | I43: 3947.18 | J43: 3328.46 | K43: 8868.75 | L43: -1132.78 | M43: 3181.27 | N43: 2675.44 | O43: 4629.58 | P43: 176.63 | Q43: 21400.13 | R43: 7694.22 | T43: =SUM(G43:R43) -> 63435.45 | U43: =T43/Units -> 396.47156 | W43: =(SUM(J43:R43)/9)*12 -> 67762.267 | X43: =W43/Units -> 423.51417 | Z43: =(SUM(M43:R43)/6)*12 -> 79514.54 | AA43: =Z43/Units -> 496.96588 | AC43: =(SUM(P43:R43)/3)*12 -> 117083.92 | AD43: =AC43/Units -> 731.7745 | AF43: =R43*12 -> 92330.64 | AG43: =AF43/Units -> 577.0665 | AJ43: 330 | AL43: =AJ43*Units -> 52800 | AN43: ='Trailing-12 & Pro Forma'!AA43 -> 496.96588 | AP43: ='Trailing-12 & Pro Forma'!AD43 -> 731.7745 | AR43: ='Trailing-12 & Pro Forma'!AG43 -> 577.0665 | AT43: =AVERAGE(AR43,AP43,AN43) -> 601.93563
B44: Security | D44: 3600 | E44: 3600 | F44: 3600 | G44: 3600 | H44: 3600 | I44: 3600 | J44: 3600 | K44: 3600 | L44: 3600 | M44: 3600 | N44: 3600 | O44: 3600 | P44: 3600 | Q44: 3600 | R44: 3600 | T44: =SUM(G44:R44) -> 43200 | U44: =T44/Units -> 270 | W44: =(SUM(J44:R44)/9)*12 -> 43200 | X44: =W44/Units -> 270 | Z44: =(SUM(M44:R44)/6)*12 -> 43200 | AA44: =Z44/Units -> 270 | AC44: =(SUM(P44:R44)/3)*12 -> 43200 | AD44: =AC44/Units -> 270 | AF44: =R44*12 -> 43200 | AG44: =AF44/Units -> 270
B45: Equipment Lease | D45: 1247.48 | E45: 1828.52 | F45: 2006.92 | G45: 1441.22 | H45: 1214.48 | I45: 2259.12 | J45: 1354.32 | K45: 1662.51 | L45: 1819.62 | M45: 1746.07 | N45: 1415.11 | O45: 2090.8 | P45: 1480.23 | Q45: 1825.2 | R45: 1304.2 | T45: =SUM(G45:R45) -> 19612.88 | U45: =T45/Units -> 122.5805 | W45: =(SUM(J45:R45)/9)*12 -> 19597.413 | X45: =W45/Units -> 122.48383 | Z45: =(SUM(M45:R45)/6)*12 -> 19723.22 | AA45: =Z45/Units -> 123.27013 | AC45: =(SUM(P45:R45)/3)*12 -> 18438.52 | AD45: =AC45/Units -> 115.24075 | AF45: =R45*12 -> 15650.4 | AG45: =AF45/Units -> 97.815 | AJ45: 125 | AL45: =AJ45*Units -> 20000 | AN45: ='Trailing-12 & Pro Forma'!AA45 -> 123.27013 | AP45: ='Trailing-12 & Pro Forma'!AD45 -> 115.24075 | AR45: ='Trailing-12 & Pro Forma'!AG45 -> 97.815 | AT45: =AVERAGE(AR45,AP45,AN45) -> 112.10863
B47: Total Variable Expenses | D47: =SUM(D31:D45) -> 319631.72 | E47: =SUM(E31:E45) -> 288809.19 | F47: =SUM(F31:F45) -> 348312.09 | G47: =SUM(G31:G45) -> 334531.84 | H47: =SUM(H31:H45) -> 342221.09 | I47: =SUM(I31:I45) -> 335753.34 | J47: =SUM(J31:J45) -> 388148.6 | K47: =SUM(K31:K45) -> 361145.22 | ... R47: =SUM(R31:R45) -> 360941.61 | T47: =SUM(T31:T45) -> 4242127.8 | U47: =T47/Units -> 26513.298 | W47: =SUM(W31:W45) -> 4306162 | X47: =W47/Units -> 26913.512 | Z47: =SUM(Z31:Z45) -> 4292001.5 | AA47: =Z47/Units -> 26825.01 | AC47: =SUM(AC31:AC45) -> 4295809.5 | AD47: =AC47/Units -> 26848.809 | AF47: =SUM(AF31:AF45) -> 4331299.3 | AG47: =AF47/Units -> 27070.621 | AL47: =SUM(AL31:AL45) -> 3836800
B48: % of Total Income | D48: =D47/D$28 -> 0.42841719 | E48: =E47/E$28 -> 0.38740512 | F48: =F47/F$28 -> 0.45775271 | G48: =G47/G$28 -> 0.45142189 | H48: =H47/H$28 -> 0.45473761 | I48: =I47/I$28 -> 0.44715158 | J48: =J47/J$28 -> 0.49204773 | K48: =K47/K$28 -> 0.48051346 | ... R48: =R47/R$28 -> 0.4588609 | T48: =T47/T$28 -> 0.45822919 | W48: =W47/W$28 -> 0.46050922 | Z48: =Z47/Z$28 -> 0.45514322 | AC48: =AC47/AC$28 -> 0.45149752 | AF48: =AF47/AF$28 -> 0.4588609 | AL48: =AL47/AL$28 -> 0.39481849
B50: Management Fees | D50: 41616.05 | E50: 41692.33 | F50: 42581.12 | G50: 41265.8 | H50: 42084.55 | I50: 42223.2 | J50: 44491.25 | K50: 42551.98 | L50: 43099.91 | M50: 43335.59 | N50: 44046.86 | O50: 45272.92 | P50: 45373.85 | Q50: 44914.36 | R50: 44974.16 | T50: =SUM(G50:R50) -> 523634.43 | U50: =T50/Units -> 3272.7152 | W50: =(SUM(J50:R50)/9)*12 -> 530747.84 | X50: =W50/Units -> 3317.174 | Z50: =(SUM(M50:R50)/6)*12 -> 535835.48 | AA50: =Z50/Units -> 3348.9717 | AC50: =(SUM(P50:R50)/3)*12 -> 541049.48 | AD50: =AC50/Units -> 3381.5592 | AF50: =R50*12 -> 539689.92 | AG50: =AF50/Units -> 3373.062 | AI50: 0.05 | AL50: =AL28*AI50 -> 485894.16 | AN50: ='Trailing-12 & Pro Forma'!AA50 -> 3348.9717 | AP50: ='Trailing-12 & Pro Forma'!AD50 -> 3381.5592 | AR50: ='Trailing-12 & Pro Forma'!AG50 -> 3373.062
B51: Real Estate Taxes | D51: 22662.65 | E51: 22574.24 | F51: 22706.85 | G51: 22574.24 | H51: 22574.24 | I51: 22574.24 | J51: 22574.24 | K51: 22574.24 | L51: 33436.68 | M51: 23771.36 | N51: 31993.68 | O51: 16378.33 | P51: 24090.74 | Q51: 24090.74 | R51: 24090.74 | T51: =SUM(G51:R51) -> 290723.47 | U51: =T51/Units -> 1817.0217 | W51: =(SUM(J51:R51)/9)*12 -> 297334.33 | X51: =W51/Units -> 1858.3396 | Z51: =(SUM(M51:R51)/6)*12 -> 288831.18 | AA51: =Z51/Units -> 1805.1949 | AC51: =(SUM(P51:R51)/3)*12 -> 289088.88 | AD51: =AC51/Units -> 1806.8055 | AF51: =R51*12 -> 289088.88 | AG51: =AF51/Units -> 1806.8055 | AJ51: 1994.8588 | AL51: =AJ51*Units -> 319177.41 | AN51: ='Trailing-12 & Pro Forma'!AA51 -> 1805.1949 | AP51: ='Trailing-12 & Pro Forma'!AD51 -> 1806.8055 | AR51: ='Trailing-12 & Pro Forma'!AG51 -> 1806.8055 | AT51: =AVERAGE(AR51,AP51,AN51) -> 1806.2686
B52: Property Liability/Insurance | D52: 12594.38 | E52: 12958.92 | F52: 12136.27 | G52: 12500.11 | H52: 12517.96 | I52: 8812.32 | J52: 12396.07 | K52: 12386.77 | L52: 14481.52 | M52: 12386.77 | N52: 12429.82 | O52: 12174.94 | P52: 11026.64 | Q52: 11206.38 | R52: 10993.68 | T52: =SUM(G52:R52) -> 143312.98 | U52: =T52/Units -> 895.70612 | W52: =(SUM(J52:R52)/9)*12 -> 145976.79 | X52: =W52/Units -> 912.35492 | Z52: =(SUM(M52:R52)/6)*12 -> 140436.46 | AA52: =Z52/Units -> 877.72787 | AC52: =(SUM(P52:R52)/3)*12 -> 132906.8 | AD52: =AC52/Units -> 830.6675 | AF52: =R52*12 -> 131924.16 | AG52: =AF52/Units -> 824.526 | AJ52: 900 | AL52: =AJ52*Units -> 144000 | AN52: ='Trailing-12 & Pro Forma'!AA52 -> 877.72787 | AP52: ='Trailing-12 & Pro Forma'!AD52 -> 830.6675 | AR52: ='Trailing-12 & Pro Forma'!AG52 -> 824.526 | AT52: =AVERAGE(AR52,AP52,AN52) -> 844.30712
B54: Total Fixed Expenses | D54: =SUM(D50:D52) -> 76873.08 | E54: =SUM(E50:E52) -> 77225.49 | F54: =SUM(F50:F52) -> 77424.24 | G54: =SUM(G50:G52) -> 76340.15 | H54: =SUM(H50:H52) -> 77176.75 | I54: =SUM(I50:I52) -> 73609.76 | J54: =SUM(J50:J52) -> 79461.56 | K54: =SUM(K50:K52) -> 77512.99 | ... R54: =SUM(R50:R52) -> 80058.58 | T54: =SUM(T50:T52) -> 957670.88 | U54: =T54/Units -> 5985.443 | W54: =SUM(W50:W52) -> 974058.96 | X54: =W54/Units -> 6087.8685 | Z54: =SUM(Z50:Z52) -> 965103.12 | AA54: =Z54/Units -> 6031.8945 | AC54: =SUM(AC50:AC52) -> 963045.16 | AD54: =AC54/Units -> 6019.0322 | AF54: =SUM(AF50:AF52) -> 960702.96 | AG54: =AF54/Units -> 6004.3935 | AL54: =SUM(AL50:AL52) -> 949071.57
B55: % of Total Income | D55: =D54/D$28 -> 0.10303655 | E55: =E54/E$28 -> 0.10358933 | F55: =F54/F$28 -> 0.10175115 | G55: =G54/G$28 -> 0.10301445 | H55: =H54/H$28 -> 0.10255116 | I55: =I54/I$28 -> 0.098032443 | J55: =J54/J$28 -> 0.10073173 | K55: =K54/K$28 -> 0.10313312 | ... R55: =R54/R$28 -> 0.10177755 | T55: =T54/T$28 -> 0.10344638 | W55: =W54/W$28 -> 0.10416773 | Z55: =Z54/Z$28 -> 0.10234389 | AC55: =AC54/AC$28 -> 0.10121783 | AF55: =AF54/AF$28 -> 0.10177755 | AL55: =AL54/AL$28 -> 0.097662377
B57: TOTAL OPERATING EXPENSES | D57: =SUM(D47,D54) -> 396504.8 | E57: =SUM(E47,E54) -> 366034.68 | F57: =SUM(F47,F54) -> 425736.33 | G57: =SUM(G47,G54) -> 410871.99 | H57: =SUM(H47,H54) -> 419397.84 | I57: =SUM(I47,I54) -> 409363.1 | J57: =SUM(J47,J54) -> 467610.16 | K57: =SUM(K47,K54) -> 438658.21 | ... R57: =SUM(R47,R54) -> 441000.19 | T57: =SUM(T47,T54) -> 5199798.6 | U57: =T57/Units -> 32498.741 | W57: =SUM(W47,W54) -> 5280220.9 | X57: =W57/Units -> 33001.381 | Z57: =SUM(Z47,Z54) -> 5257104.7 | AA57: =Z57/Units -> 32856.904 | AC57: =SUM(AC47,AC54) -> 5258854.6 | AD57: =AC57/Units -> 32867.841 | AF57: =SUM(AF47,AF54) -> 5292002.3 | AG57: =AF57/Units -> 33075.014 | AL57: =AL47+AL54 -> 4785871.6
B58: % of Total Income | D58: =D57/D$28 -> 0.53145373 | E58: =E57/E$28 -> 0.49099445 | F58: =F57/F$28 -> 0.55950386 | G58: =G57/G$28 -> 0.55443634 | H58: =H57/H$28 -> 0.55728878 | I58: =I57/I$28 -> 0.54518402 | J58: =J57/J$28 -> 0.59277946 | K58: =K57/K$28 -> 0.58364659 | ... R58: =R57/R$28 -> 0.56063844 | T58: =T57/T$28 -> 0.56167557 | W58: =W57/W$28 -> 0.56467695 | Z58: =Z57/Z$28 -> 0.55748711 | AC58: =AC57/AC$28 -> 0.55271535 | AF58: =AF57/AF$28 -> 0.56063844 | AL58: =AL57/AL$28 -> 0.49248087
B60: NET OPERATING INCOME (NOI) | D60: =SUM(D28-D57) -> 349571.06 | E60: =SUM(E28-E57) -> 379461.9 | F60: =SUM(F28-F57) -> 335181.26 | G60: =SUM(G28-G57) -> 330190.53 | H60: =SUM(H28-H57) -> 333170.41 | I60: =SUM(I28-I57) -> 341508.32 | J60: =SUM(J28-J57) -> 321233.23 | K60: =SUM(K28-K57) -> 312923.69 | ... R60: =SUM(R28-R57) -> 345603.36 | T60: =SUM(T28-T57) -> 4057856.3 | U60: =T60/Units -> 25361.602 | W60: =SUM(W28-W57) -> 4070649.4 | X60: =W60/Units -> 25441.559 | Z60: =SUM(Z28-Z57) -> 4172897.5 | AA60: =Z60/Units -> 26080.609 | AC60: =SUM(AC28-AC57) -> 4255725.7 | AD60: =AC60/Units -> 26598.286 | AF60: =SUM(AF28-AF57) -> 4147240.3 | AG60: =AF60/Units -> 25920.252 | AL60: =AL28-AL57 -> 4932011.6
B61: % of Total Income | D61: =D60/D$28 -> 0.46854627 | E61: =E60/E$28 -> 0.50900555 | F61: =F60/F$28 -> 0.44049614 | G61: =G60/G$28 -> 0.44556366 | H61: =H60/H$28 -> 0.44271122 | I61: =I60/I$28 -> 0.45481598 | J61: =J60/J$28 -> 0.40722054 | K61: =K60/K$28 -> 0.41635341 | ... R61: =R60/R$28 -> 0.43936156 | T61: =T60/T$28 -> 0.43832443 | W61: =W60/W$28 -> 0.43532305 | Z61: =Z60/Z$28 -> 0.44251289 | AC61: =AC60/AC$28 -> 0.44728465 | AF61: =AF60/AF$28 -> 0.43936156 | AL61: =AL60/AL$28 -> 0.50751913
B63: CAPITAL EXPENDITURES
B64: Capital Replacement / Capital Reserves | T64: 40050 | U64: =T64/Units -> 250.3125 | W64: 40050 | X64: =W64/Units -> 250.3125 | Z64: 40050 | AA64: =Z64/Units -> 250.3125 | AC64: 40050 | AD64: =AC64/Units -> 250.3125 | AF64: 40050 | AG64: =AF64/Units -> 250.3125 | AJ64: 250 | AL64: =AJ64*Units -> 40000
B65: CASH FLOW FROM OPERATIONS | T65: =T60-T64 -> 4017806.3 | U65: =T65/Units -> 25111.289 | W65: =W60-W64 -> 4030599.4 | X65: =W65/Units -> 25191.246 | Z65: =Z60-Z64 -> 4132847.5 | AA65: =Z65/Units -> 25830.297 | AC65: =AC60-AC64 -> 4215675.7 | AD65: =AC65/Units -> 26347.973 | AF65: =AF60-AF64 -> 4107190.3 | AG65: =AF65/Units -> 25669.939 | AL65: =AL60-AL64 -> 4892011.6

Sheet Rent Roll Summary
B2: Rent Roll Summary
B3: =Description!C4 -> Building I Want
I5: Status | L5: Market | O5: Lease | R5: Market
B6: Type | C6: Unit Description | D6: Units | E6: % | F6: SF Total | G6: SF / Unit | I6: Occupied | J6: Vacant | L6: Rent | M6: PSF | O6: Rent | P6: LTL | R6: Monthly Rent | S6: Annual Rent
B7: A | C7: 1 BR/BA | D7: =COUNTIF('Rent Roll Analysis'!D:D,B7) -> 32 | E7: =D7/$D$12 -> 0.2 | F7: =SUMIF('Rent Roll Analysis'!D:D,B7,'Rent Roll Analysis'!E:E) -> 43520 | G7: =F7/D7 -> 1360 | I7: =D7-J7 -> 32 | J7: =COUNTIF('Rent Roll Analysis'!N:N,B7) -> 0 | L7: =R7/D7 -> 4215 | M7: =L7/G7 -> 3.0992647 | O7: =SUMIFS('Rent Roll Analysis'!$K$10:$K$197,'Rent Roll Analysis'!$D$10:$D$197,B7,'Rent Roll Analysis'!$F$10:$F$197,"l")/I7 -> 4093.8187 | P7: =O7/L7-1 -> -0.02875 | R7: =SUMIF('Rent Roll Analysis'!D:D,B7,'Rent Roll Analysis'!J:J) -> 134880 | S7: =R7*12 -> 1618560
B8: B | C8: 1 BR/BA | D8: =COUNTIF('Rent Roll Analysis'!D:D,B8) -> 32 | E8: =D8/$D$12 -> 0.2 | F8: =SUMIF('Rent Roll Analysis'!D:D,B8,'Rent Roll Analysis'!E:E) -> 45536 | G8: =F8/D8 -> 1423 | I8: =D8-J8 -> 31 | J8: =COUNTIF('Rent Roll Analysis'!N:N,B8) -> 1 | L8: =R8/D8 -> 4305 | M8: =L8/G8 -> 3.0252987 | O8: =SUMIFS('Rent Roll Analysis'!$K$10:$K$197,'Rent Roll Analysis'!$D$10:$D$197,B8,'Rent Roll Analysis'!$F$10:$F$197,"l")/I8 -> 4148.0758 | P8: =O8/L8-1 -> -0.036451613 | R8: =SUMIF('Rent Roll Analysis'!D:D,B8,'Rent Roll Analysis'!J:J) -> 137760 | S8: =R8*12 -> 1653120
B9: C | C9: 2 BR/BA | D9: =COUNTIF('Rent Roll Analysis'!D:D,B9) -> 32 | E9: =D9/$D$12 -> 0.2 | F9: =SUMIF('Rent Roll Analysis'!D:D,B9,'Rent Roll Analysis'!E:E) -> 48640 | G9: =F9/D9 -> 1520 | I9: =D9-J9 -> 32 | J9: =COUNTIF('Rent Roll Analysis'!N:N,B9) -> 0 | L9: =R9/D9 -> 4577 | M9: =L9/G9 -> 3.0111842 | O9: =SUMIFS('Rent Roll Analysis'!$K$10:$K$197,'Rent Roll Analysis'!$D$10:$D$197,B9,'Rent Roll Analysis'!$F$10:$F$197,"l")/I9 -> 4416.805 | P9: =O9/L9-1 -> -0.035 | R9: =SUMIF('Rent Roll Analysis'!D:D,B9,'Rent Roll Analysis'!J:J) -> 146464 | S9: =R9*12 -> 1757568
B10: D | C10: 2 BR/BA DEN | D10: =COUNTIF('Rent Roll Analysis'!D:D,B10) -> 32 | E10: =D10/$D$12 -> 0.2 | F10: =SUMIF('Rent Roll Analysis'!D:D,B10,'Rent Roll Analysis'!E:E) -> 58080 | G10: =F10/D10 -> 1815 | I10: =D10-J10 -> 30 | J10: =COUNTIF('Rent Roll Analysis'!N:N,B10) -> 2 | L10: =R10/D10 -> 5053 | M10: =L10/G10 -> 2.784022 | O10: =SUMIFS('Rent Roll Analysis'!$K$10:$K$197,'Rent Roll Analysis'!$D$10:$D$197,B10,'Rent Roll Analysis'!$F$10:$F$197,"l")/I10 -> 4864.3547 | P10: =O10/L10-1 -> -0.037333333 | R10: =SUMIF('Rent Roll Analysis'!D:D,B10,'Rent Roll Analysis'!J:J) -> 161696 | S10: =R10*12 -> 1940352
B11: E | C11: 3 BR/BA DEN | D11: =COUNTIF('Rent Roll Analysis'!D:D,B11) -> 32 | E11: =D11/$D$12 -> 0.2 | F11: =SUMIF('Rent Roll Analysis'!D:D,B11,'Rent Roll Analysis'!E:E) -> 62880 | G11: =F11/D11 -> 1965 | I11: =D11-J11 -> 31 | J11: =COUNTIF('Rent Roll Analysis'!N:N,B11) -> 1 | L11: =R11/D11 -> 5333 | M11: =L11/G11 -> 2.7139949 | O11: =SUMIFS('Rent Roll Analysis'!$K$10:$K$197,'Rent Roll Analysis'!$D$10:$D$197,B11,'Rent Roll Analysis'!$F$10:$F$197,"l")/I11 -> 5109.3581 | P11: =O11/L11-1 -> -0.041935484 | R11: =SUMIF('Rent Roll Analysis'!D:D,B11,'Rent Roll Analysis'!J:J) -> 170656 | S11: =R11*12 -> 2047872
D12: =SUM(D7:D11) -> 160 | E12: =SUM(E7:E11) -> 1 | F12: =SUM(F7:F11) -> 258656 | G12: =F12/D12 -> 1616.6 | I12: =SUM(I7:I11) -> 156 | J12: =SUM(J7:J11) -> 4 | L12: =R12/D12 -> 4696.6 | M12: =L12/G12 -> 2.9052332 | O12: =SUMIF('Rent Roll Analysis'!$F$10:$F$197,"l",'Rent Roll Analysis'!$K$10:$K$197)/I12 -> 4520.8401 | P12: =SUMPRODUCT(P7:P11,I7:I11)/I12 -> -0.035833333 | R12: =SUM(R7:R11) -> 751456 | S12: =SUM(S7:S11) -> 9017472

Sheet Rent Roll Analysis
C2: Rent Roll Analysis
C4: Property Name: | D4: =Description!C4 -> Building I Want
C5: Rent Roll Date | D5: 11/31/2016
N7: Vacant | O7: Occupied
B8: Bed | C8: ID | D8: Type | E8: SF | F8: Status | G8: Move-In | H8: Start | J8: Market Rent | K8: Lease Rent | L8: Loss to Lease | M8: % Loss | N8: Unit | O8: SF
B9: Count | C9: Unit ID | D9: Unit Type | E9: Unit SF | F9: Unit Status | G9: Move In Date | H9: Lease Start | I9: START DATE | J9: Market Rent | K9: Lease Rent | L9: LTL | M9: to Lease | N9: Count | O9: Count
A10: =IF(C10="","",IF(C10=C11,"A",IF(C10=C9,"B",""))) | C10: 1001 | D10: A | E10: 1360 | F10: l | G10: 41640 | H10: =G10 -> 41640 | I10: =DATE(YEAR(H10),1+MONTH(H10),0) -> 41670 | J10: 4215 | K10: 4172.85 | L10: =K10-J10 -> -42.15 | M10: =IF(K10=0,0,(J10-K10)/K10) -> 0.01010101 | N10: =IF(F10="V",D10) -> FALSE | O10: =IF(F10="l",E10,"FALSE") -> 1360
A11: =IF(C11="","",IF(C11=C12,"A",IF(C11=C10,"B",""))) | C11: 1006 | D11: A | E11: 1360 | F11: l | G11: 41351 | H11: =G11 -> 41351 | I11: =DATE(YEAR(H11),1+MONTH(H11),0) -> 41364 | J11: 4215 | K11: 4004.25 | L11: =K11-J11 -> -210.75 | M11: =IF(K11=0,0,(J11-K11)/K11) -> 0.052631579 | N11: =IF(F11="V",D11) -> FALSE | O11: =IF(F11="l",E11,"FALSE") -> 1360
A12: =IF(C12="","",IF(C12=C13,"A",IF(C12=C11,"B",""))) | C12: 1011 | D12: A | E12: 1360 | F12: l | G12: 40724 | H12: =G12 -> 40724 | I12: =DATE(YEAR(H12),1+MONTH(H12),0) -> 40724 | J12: 4215 | K12: 4004.25 | L12: =K12-J12 -> -210.75 | M12: =IF(K12=0,0,(J12-K12)/K12) -> 0.052631579 | N12: =IF(F12="V",D12) -> FALSE | O12: =IF(F12="l",E12,"FALSE") -> 1360
A13: =IF(C13="","",IF(C13=C14,"A",IF(C13=C12,"B",""))) | C13: 1016 | D13: A | E13: 1360 | F13: l | G13: 42020 | H13: =G13 -> 42020 | I13: =DATE(YEAR(H13),1+MONTH(H13),0) -> 42035 | J13: 4215 | K13: 4004.25 | L13: =K13-J13 -> -210.75 | M13: =IF(K13=0,0,(J13-K13)/K13) -> 0.052631579 | N13: =IF(F13="V",D13) -> FALSE | O13: =IF(F13="l",E13,"FALSE") -> 1360
A14: =IF(C14="","",IF(C14=C15,"A",IF(C14=C13,"B",""))) | C14: 2001 | D14: A | E14: 1360 | F14: l | G14: 42327 | H14: =G14 -> 42327 | I14: =DATE(YEAR(H14),1+MONTH(H14),0) -> 42338 | J14: 4215 | K14: 3962.1 | L14: =K14-J14 -> -252.9 | M14: =IF(K14=0,0,(J14-K14)/K14) -> 0.063829787 | N14: =IF(F14="V",D14) -> FALSE | O14: =IF(F14="l",E14,"FALSE") -> 1360
A15: =IF(C15="","",IF(C15=C16,"A",IF(C15=C14,"B",""))) | C15: 2006 | D15: A | E15: 1360 | F15: l | G15: 41182 | H15: =G15 -> 41182 | I15: =DATE(YEAR(H15),1+MONTH(H15),0) -> 41182 | J15: 4215 | K15: 3962.1 | L15: =K15-J15 -> -252.9 | M15: =IF(K15=0,0,(J15-K15)/K15) -> 0.063829787 | N15: =IF(F15="V",D15) -> FALSE | O15: =IF(F15="l",E15,"FALSE") -> 1360
A16: =IF(C16="","",IF(C16=C17,"A",IF(C16=C15,"B",""))) | C16: 2011 | D16: A | E16: 1360 | F16: l | G16: 41710 | H16: =G16 -> 41710 | I16: =DATE(YEAR(H16),1+MONTH(H16),0) -> 41729 | J16: 4215 | K16: 4088.55 | L16: =K16-J16 -> -126.45 | M16: =IF(K16=0,0,(J16-K16)/K16) -> 0.030927835 | N16: =IF(F16="V",D16) -> FALSE | O16: =IF(F16="l",E16,"FALSE") -> 1360
A17: =IF(C17="","",IF(C17=C18,"A",IF(C17=C16,"B",""))) | C17: 2016 | D17: A | E17: 1360 | F17: l | G17: 41640 | H17: =G17 -> 41640 | I17: =DATE(YEAR(H17),1+MONTH(H17),0) -> 41670 | J17: 4215 | K17: 4088.55 | L17: =K17-J17 -> -126.45 | M17: =IF(K17=0,0,(J17-K17)/K17) -> 0.030927835 | N17: =IF(F17="V",D17) -> FALSE | O17: =IF(F17="l",E17,"FALSE") -> 1360
A18: =IF(C18="","",IF(C18=C19,"A",IF(C18=C17,"B",""))) | C18: 3001 | D18: A | E18: 1360 | F18: l | G18: 41808 | H18: =G18 -> 41808 | I18: =DATE(YEAR(H18),1+MONTH(H18),0) -> 41820 | J18: 4215 | K18: 4257.15 | L18: =K18-J18 -> 42.15 | M18: =IF(K18=0,0,(J18-K18)/K18) -> -0.0099009901 | N18: =IF(F18="V",D18) -> FALSE | O18: =IF(F18="l",E18,"FALSE") -> 1360
A19: =IF(C19="","",IF(C19=C20,"A",IF(C19=C18,"B",""))) | C19: 3006 | D19: A | E19: 1360 | F19: l | G19: 42374 | H19: =G19 -> 42374 | I19: =DATE(YEAR(H19),1+MONTH(H19),0) -> 42400 | J19: 4215 | K19: 3919.95 | L19: =K19-J19 -> -295.05 | M19: =IF(K19=0,0,(J19-K19)/K19) -> 0.075268817 | N19: =IF(F19="V",D19) -> FALSE | O19: =IF(F19="l",E19,"FALSE") -> 1360
A20: =IF(C20="","",IF(C20=C21,"A",IF(C20=C19,"B",""))) | C20: 3011 | D20: A | E20: 1360 | F20: l | G20: 42217 | H20: =G20 -> 42217 | I20: =DATE(YEAR(H20),1+MONTH(H20),0) -> 42247 | J20: 4215 | K20: 4046.4 | L20: =K20-J20 -> -168.6 | M20: =IF(K20=0,0,(J20-K20)/K20) -> 0.041666667 | N20: =IF(F20="V",D20) -> FALSE | O20: =IF(F20="l",E20,"FALSE") -> 1360
A21: =IF(C21="","",IF(C21=C22,"A",IF(C21=C20,"B",""))) | C21: 3016 | D21: A | E21: 1360 | F21: l | G21: 41849 | H21: =G21 -> 41849 | I21: =DATE(YEAR(H21),1+MONTH(H21),0) -> 41851 | J21: 4215 | K21: 4004.25 | L21: =K21-J21 -> -210.75 | M21: =IF(K21=0,0,(J21-K21)/K21) -> 0.052631579 | N21: =IF(F21="V",D21) -> FALSE | O21: =IF(F21="l",E21,"FALSE") -> 1360
... A47: =IF(C47="","",IF(C47=C48,"A",IF(C47=C46,"B",""))) | C47: 2007 | D47: B | E47: 1423 | F47: l | G47: 41547 | H47: =G47 -> 41547 | I47: =DATE(YEAR(H47),1+MONTH(H47),0) -> 41547 | J47: 4305 | K47: 4218.9 | L47: =K47-J47 -> -86.1 | M47: =IF(K47=0,0,(J47-K47)/K47) -> 0.020408163 | N47: =IF(F47="V",D47) -> FALSE | O47: =IF(F47="l",E47,"FALSE") -> 1423
A48: =IF(C48="","",IF(C48=C49,"A",IF(C48=C47,"B",""))) | C48: 2012 | D48: B | E48: 1423 | F48: v | H48: =G48 -> 0 | I48: =DATE(YEAR(H48),1+MONTH(H48),0) -> 31 | J48: 4305 | K48: 4003.65 | L48: =K48-J48 -> -301.35 | M48: =IF(K48=0,0,(J48-K48)/K48) -> 0.075268817 | N48: =IF(F48="V",D48) -> B | O48: =IF(F48="l",E48,"FALSE") -> FALSE
A49: =IF(C49="","",IF(C49=C50,"A",IF(C49=C48,"B",""))) | C49: 2017 | D49: B | E49: 1423 | F49: l | G49: 41347 | H49: =G49 -> 41347 | I49: =DATE(YEAR(H49),1+MONTH(H49),0) -> 41364 | J49: 4305 | K49: 4305 | L49: =K49-J49 -> 0 | M49: =IF(K49=0,0,(J49-K49)/K49) -> 0 | N49: =IF(F49="V",D49) -> FALSE | O49: =IF(F49="l",E49,"FALSE") -> 1423
A50: =IF(C50="","",IF(C50=C51,"A",IF(C50=C49,"B",""))) | C50: 3002 | D50: B | E50: 1423 | F50: l | G50: 42430 | H50: =G50 -> 42430 | I50: =DATE(YEAR(H50),1+MONTH(H50),0) -> 42460 | J50: 4305 | K50: 4046.7 | L50: =K50-J50 -> -258.3 | M50: =IF(K50=0,0,(J50-K50)/K50) -> 0.063829787 | N50: =IF(F50="V",D50) -> FALSE | O50: =IF(F50="l",E50,"FALSE") -> 1423
A51: =IF(C51="","",IF(C51=C52,"A",IF(C51=C50,"B",""))) | C51: 3007 | D51: B | E51: 1423 | F51: l | G51: 42460 | H51: =G51 -> 42460 | I51: =DATE(YEAR(H51),1+MONTH(H51),0) -> 42460 | J51: 4305 | K51: 4003.65 | L51: =K51-J51 -> -301.35 | M51: =IF(K51=0,0,(J51-K51)/K51) -> 0.075268817 | N51: =IF(F51="V",D51) -> FALSE | O51: =IF(F51="l",E51,"FALSE") -> 1423
A52: =IF(C52="","",IF(C52=C53,"A",IF(C52=C51,"B",""))) | C52: 3012 | D52: B | E52: 1423 | F52: l | G52: 42004 | H52: =G52 -> 42004 | I52: =DATE(YEAR(H52),1+MONTH(H52),0) -> 42004 | J52: 4305 | K52: 4305 | L52: =K52-J52 -> 0 | M52: =IF(K52=0,0,(J52-K52)/K52) -> 0 | N52: =IF(F52="V",D52) -> FALSE | O52: =IF(F52="l",E52,"FALSE") -> 1423
A53: =IF(C53="","",IF(C53=C54,"A",IF(C53=C52,"B",""))) | C53: 3017 | D53: B | E53: 1423 | F53: l | G53: 41426 | H53: =G53 -> 41426 | I53: =DATE(YEAR(H53),1+MONTH(H53),0) -> 41455 | J53: 4305 | K53: 3960.6 | L53: =K53-J53 -> -344.4 | M53: =IF(K53=0,0,(J53-K53)/K53) -> 0.086956522 | N53: =IF(F53="V",D53) -> FALSE | O53: =IF(F53="l",E53,"FALSE") -> 1423
A54: =IF(C54="","",IF(C54=C55,"A",IF(C54=C53,"B",""))) | C54: 4002 | D54: B | E54: 1423 | F54: l | G54: 42412 | H54: =G54 -> 42412 | I54: =DATE(YEAR(H54),1+MONTH(H54),0) -> 42429 | J54: 4305 | K54: 4175.85 | L54: =K54-J54 -> -129.15 | M54: =IF(K54=0,0,(J54-K54)/K54) -> 0.030927835 | N54: =IF(F54="V",D54) -> FALSE | O54: =IF(F54="l",E54,"FALSE") -> 1423
A55: =IF(C55="","",IF(C55=C56,"A",IF(C55=C54,"B",""))) | C55: 4007 | D55: B | E55: 1423 | F55: l | G55: 41152 | H55: =G55 -> 41152 | I55: =DATE(YEAR(H55),1+MONTH(H55),0) -> 41152 | J55: 4305 | K55: 4046.7 | L55: =K55-J55 -> -258.3 | M55: =IF(K55=0,0,(J55-K55)/K55) -> 0.063829787 | N55: =IF(F55="V",D55) -> FALSE | O55: =IF(F55="l",E55,"FALSE") -> 1423
A56: =IF(C56="","",IF(C56=C57,"A",IF(C56=C55,"B",""))) | C56: 4012 | D56: B | E56: 1423 | F56: l | G56: 41117 | H56: =G56 -> 41117 | I56: =DATE(YEAR(H56),1+MONTH(H56),0) -> 41121 | J56: 4305 | K56: 4046.7 | L56: =K56-J56 -> -258.3 | M56: =IF(K56=0,0,(J56-K56)/K56) -> 0.063829787 | N56: =IF(F56="V",D56) -> FALSE | O56: =IF(F56="l",E56,"FALSE") -> 1423
A57: =IF(C57="","",IF(C57=C58,"A",IF(C57=C56,"B",""))) | C57: 4017 | D57: B | E57: 1423 | F57: l | G57: 41673 | H57: =G57 -> 41673 | I57: =DATE(YEAR(H57),1+MONTH(H57),0) -> 41698 | J57: 4305 | K57: 4261.95 | L57: =K57-J57 -> -43.05 | M57: =IF(K57=0,0,(J57-K57)/K57) -> 0.01010101 | N57: =IF(F57="V",D57) -> FALSE | O57: =IF(F57="l",E57,"FALSE") -> 1423
A58: =IF(C58="","",IF(C58=C59,"A",IF(C58=C57,"B",""))) | C58: 5002 | D58: B | E58: 1423 | F58: l | G58: 41905 | H58: =G58 -> 41905 | I58: =DATE(YEAR(H58),1+MONTH(H58),0) -> 41912 | J58: 4305 | K58: 4046.7 | L58: =K58-J58 -> -258.3 | M58: =IF(K58=0,0,(J58-K58)/K58) -> 0.063829787 | N58: =IF(F58="V",D58) -> FALSE | O58: =IF(F58="l",E58,"FALSE") -> 1423
A59: =IF(C59="","",IF(C59=C60,"A",IF(C59=C58,"B",""))) | C59: 5007 | D59: B | E59: 1423 | F59: l | G59: 41394 | H59: =G59 -> 41394 | I59: =DATE(YEAR(H59),1+MONTH(H59),0) -> 41394 | J59: 4305 | K59: 4348.05 | L59: =K59-J59 -> 43.05 | M59: =IF(K59=0,0,(J59-K59)/K59) -> -0.0099009901 | N59: =IF(F59="V",D59) -> FALSE | O59: =IF(F59="l",E59,"FALSE") -> 1423
A60: =IF(C60="","",IF(C60=C61,"A",IF(C60=C59,"B",""))) | C60: 5012 | D60: B | E60: 1423 | F60: l | G60: 41710 | H60: =G60 -> 41710 | I60: =DATE(YEAR(H60),1+MONTH(H60),0) -> 41729 | J60: 4305 | K60: 3960.6 | L60: =K60-J60 -> -344.4 | M60: =IF(K60=0,0,(J60-K60)/K60) -> 0.086956522 | N60: =IF(F60="V",D60) -> FALSE | O60: =IF(F60="l",E60,"FALSE") -> 1423
... A127: =IF(C127="","",IF(C127=C128,"A",IF(C127=C126,"B",""))) | C127: 6009 | D127: D | E127: 1815 | F127: l | G127: 41275 | H127: =G127 -> 41275 | I127: =DATE(YEAR(H127),1+MONTH(H127),0) -> 41305 | J127: 5053 | K127: 4648.76 | L127: =K127-J127 -> -404.24 | M127: =IF(K127=0,0,(J127-K127)/K127) -> 0.086956522 | N127: =IF(F127="V",D127) -> FALSE | O127: =IF(F127="l",E127,"FALSE") -> 1815
A128: =IF(C128="","",IF(C128=C129,"A",IF(C128=C127,"B",""))) | C128: 6014 | D128: D | E128: 1815 | F128: v | H128: =G128 -> 0 | I128: =DATE(YEAR(H128),1+MONTH(H128),0) -> 31 | J128: 5053 | K128: 4699.29 | L128: =K128-J128 -> -353.71 | M128: =IF(K128=0,0,(J128-K128)/K128) -> 0.075268817 | N128: =IF(F128="V",D128) -> D | O128: =IF(F128="l",E128,"FALSE") -> FALSE
A129: =IF(C129="","",IF(C129=C130,"A",IF(C129=C128,"B",""))) | C129: 6019 | D129: D | E129: 1815 | F129: l | G129: 42003 | H129: =G129 -> 42003 | I129: =DATE(YEAR(H129),1+MONTH(H129),0) -> 42004 | J129: 5053 | K129: 4901.41 | L129: =K129-J129 -> -151.59 | M129: =IF(K129=0,0,(J129-K129)/K129) -> 0.030927835 | N129: =IF(F129="V",D129) -> FALSE | O129: =IF(F129="l",E129,"FALSE") -> 1815
A130: =IF(C130="","",IF(C130=C131,"A",IF(C130=C129,"B",""))) | C130: 7004 | D130: D | E130: 1815 | F130: v | H130: =G130 -> 0 | I130: =DATE(YEAR(H130),1+MONTH(H130),0) -> 31 | J130: 5053 | K130: 5053 | L130: =K130-J130 -> 0 | M130: =IF(K130=0,0,(J130-K130)/K130) -> 0 | N130: =IF(F130="V",D130) -> D | O130: =IF(F130="l",E130,"FALSE") -> FALSE
A131: =IF(C131="","",IF(C131=C132,"A",IF(C131=C130,"B",""))) | C131: 7009 | D131: D | E131: 1815 | F131: l | G131: 42186 | H131: =G131 -> 42186 | I131: =DATE(YEAR(H131),1+MONTH(H131),0) -> 42216 | J131: 5053 | K131: 4850.88 | L131: =K131-J131 -> -202.12 | M131: =IF(K131=0,0,(J131-K131)/K131) -> 0.041666667 | N131: =IF(F131="V",D131) -> FALSE | O131: =IF(F131="l",E131,"FALSE") -> 1815
A132: =IF(C132="","",IF(C132=C133,"A",IF(C132=C131,"B",""))) | C132: 7014 | D132: D | E132: 1815 | F132: l | G132: 40894 | H132: =G132 -> 40894 | I132: =DATE(YEAR(H132),1+MONTH(H132),0) -> 40908 | J132: 5053 | K132: 4850.88 | L132: =K132-J132 -> -202.12 | M132: =IF(K132=0,0,(J132-K132)/K132) -> 0.041666667 | N132: =IF(F132="V",D132) -> FALSE | O132: =IF(F132="l",E132,"FALSE") -> 1815
A133: =IF(C133="","",IF(C133=C134,"A",IF(C133=C132,"B",""))) | C133: 7019 | D133: D | E133: 1815 | F133: l | G133: 42327 | H133: =G133 -> 42327 | I133: =DATE(YEAR(H133),1+MONTH(H133),0) -> 42338 | J133: 5053 | K133: 4901.41 | L133: =K133-J133 -> -151.59 | M133: =IF(K133=0,0,(J133-K133)/K133) -> 0.030927835 | N133: =IF(F133="V",D133) -> FALSE | O133: =IF(F133="l",E133,"FALSE") -> 1815
A134: =IF(C134="","",IF(C134=C135,"A",IF(C134=C133,"B",""))) | C134: 8004 | D134: D | E134: 1815 | F134: l | G134: 42366 | H134: =G134 -> 42366 | I134: =DATE(YEAR(H134),1+MONTH(H134),0) -> 42369 | J134: 5053 | K134: 4850.88 | L134: =K134-J134 -> -202.12 | M134: =IF(K134=0,0,(J134-K134)/K134) -> 0.041666667 | N134: =IF(F134="V",D134) -> FALSE | O134: =IF(F134="l",E134,"FALSE") -> 1815
A135: =IF(C135="","",IF(C135=C136,"A",IF(C135=C134,"B",""))) | C135: 8009 | D135: D | E135: 1815 | F135: l | G135: 42067 | H135: =G135 -> 42067 | I135: =DATE(YEAR(H135),1+MONTH(H135),0) -> 42094 | J135: 5053 | K135: 4850.88 | L135: =K135-J135 -> -202.12 | M135: =IF(K135=0,0,(J135-K135)/K135) -> 0.041666667 | N135: =IF(F135="V",D135) -> FALSE | O135: =IF(F135="l",E135,"FALSE") -> 1815
A136: =IF(C136="","",IF(C136=C137,"A",IF(C136=C135,"B",""))) | C136: 8014 | D136: D | E136: 1815 | F136: l | G136: 42114 | H136: =G136 -> 42114 | I136: =DATE(YEAR(H136),1+MONTH(H136),0) -> 42124 | J136: 5053 | K136: 4951.94 | L136: =K136-J136 -> -101.06 | M136: =IF(K136=0,0,(J136-K136)/K136) -> 0.020408163 | N136: =IF(F136="V",D136) -> FALSE | O136: =IF(F136="l",E136,"FALSE") -> 1815
A137: =IF(C137="","",IF(C137=C138,"A",IF(C137=C136,"B",""))) | C137: 8019 | D137: D | E137: 1815 | F137: l | G137: 41593 | H137: =G137 -> 41593 | I137: =DATE(YEAR(H137),1+MONTH(H137),0) -> 41608 | J137: 5053 | K137: 5053 | L137: =K137-J137 -> 0 | M137: =IF(K137=0,0,(J137-K137)/K137) -> 0 | N137: =IF(F137="V",D137) -> FALSE | O137: =IF(F137="l",E137,"FALSE") -> 1815
A138: =IF(C138="","",IF(C138=C139,"A",IF(C138=C137,"B",""))) | C138: 1005 | D138: E | E138: 1965 | F138: l | G138: 41275 | H138: =G138 -> 41275 | I138: =DATE(YEAR(H138),1+MONTH(H138),0) -> 41305 | J138: 5333 | K138: 5066.35 | L138: =K138-J138 -> -266.65 | M138: =IF(K138=0,0,(J138-K138)/K138) -> 0.052631579 | N138: =IF(F138="V",D138) -> FALSE | O138: =IF(F138="l",E138,"FALSE") -> 1965
A139: =IF(C139="","",IF(C139=C140,"A",IF(C139=C138,"B",""))) | C139: 1010 | D139: E | E139: 1965 | F139: l | G139: 41275 | H139: =G139 -> 41275 | I139: =DATE(YEAR(H139),1+MONTH(H139),0) -> 41305 | J139: 5333 | K139: 5013.02 | L139: =K139-J139 -> -319.98 | M139: =IF(K139=0,0,(J139-K139)/K139) -> 0.063829787 | N139: =IF(F139="V",D139) -> FALSE | O139: =IF(F139="l",E139,"FALSE") -> 1965
A140: =IF(C140="","",IF(C140=C141,"A",IF(C140=C139,"B",""))) | C140: 1015 | D140: E | E140: 1965 | F140: l | G140: 42466 | H140: =G140 -> 42466 | I140: =DATE(YEAR(H140),1+MONTH(H140),0) -> 42490 | J140: 5333 | K140: 5333 | L140: =K140-J140 -> 0 | M140: =IF(K140=0,0,(J140-K140)/K140) -> 0 | N140: =IF(F140="V",D140) -> FALSE | O140: =IF(F140="l",E140,"FALSE") -> 1965
A141: =IF(C141="","",IF(C141=C142,"A",IF(C141=C140,"B",""))) | C141: 1020 | D141: E | E141: 1965 | F141: l | G141: 41481 | H141: =G141 -> 41481 | I141: =DATE(YEAR(H141),1+MONTH(H141),0) -> 41486 | J141: 5333 | K141: 5119.68 | L141: =K141-J141 -> -213.32 | M141: =IF(K141=0,0,(J141-K141)/K141) -> 0.041666667 | N141: =IF(F141="V",D141) -> FALSE | O141: =IF(F141="l",E141,"FALSE") -> 1965
A142: =IF(C142="","",IF(C142=C143,"A",IF(C142=C141,"B",""))) | C142: 2005 | D142: E | E142: 1965 | F142: v | H142: =G142 -> 0 | I142: =DATE(YEAR(H142),1+MONTH(H142),0) -> 31 | J142: 5333 | K142: 4906.36 | L142: =K142-J142 -> -426.64 | M142: =IF(K142=0,0,(J142-K142)/K142) -> 0.086956522 | N142: =IF(F142="V",D142) -> E | O142: =IF(F142="l",E142,"FALSE") -> FALSE
A143: =IF(C143="","",IF(C143=C144,"A",IF(C143=C142,"B",""))) | C143: 2010 | D143: E | E143: 1965 | F143: l | G143: 40663 | H143: =G143 -> 40663 | I143: =DATE(YEAR(H143),1+MONTH(H143),0) -> 40663 | J143: 5333 | K143: 5013.02 | L143: =K143-J143 -> -319.98 | M143: =IF(K143=0,0,(J143-K143)/K143) -> 0.063829787 | N143: =IF(F143="V",D143) -> FALSE | O143: =IF(F143="l",E143,"FALSE") -> 1965
A144: =IF(C144="","",IF(C144=C145,"A",IF(C144=C143,"B",""))) | C144: 2015 | D144: E | E144: 1965 | F144: l | G144: 41325 | H144: =G144 -> 41325 | I144: =DATE(YEAR(H144),1+MONTH(H144),0) -> 41333 | J144: 5333 | K144: 5226.34 | L144: =K144-J144 -> -106.66 | M144: =IF(K144=0,0,(J144-K144)/K144) -> 0.020408163 | N144: =IF(F144="V",D144) -> FALSE | O144: =IF(F144="l",E144,"FALSE") -> 1965
A145: =IF(C145="","",IF(C145=C146,"A",IF(C145=C144,"B",""))) | C145: 2020 | D145: E | E145: 1965 | F145: l | G145: 42338 | H145: =G145 -> 42338 | I145: =DATE(YEAR(H145),1+MONTH(H145),0) -> 42338 | J145: 5333 | K145: 5226.34 | L145: =K145-J145 -> -106.66 | M145: =IF(K145=0,0,(J145-K145)/K145) -> 0.020408163 | N145: =IF(F145="V",D145) -> FALSE | O145: =IF(F145="l",E145,"FALSE") -> 1965
A146: =IF(C146="","",IF(C146=C147,"A",IF(C146=C145,"B",""))) | C146: 3005 | D146: E | E146: 1965 | F146: l | G146: 41661 | H146: =G146 -> 41661 | I146: =DATE(YEAR(H146),1+MONTH(H146),0) -> 41670 | J146: 5333 | K146: 5333 | L146: =K146-J146 -> 0 | M146: =IF(K146=0,0,(J146-K146)/K146) -> 0 | N146: =IF(F146="V",D146) -> FALSE | O146: =IF(F146="l",E146,"FALSE") -> 1965
A147: =IF(C147="","",IF(C147=C194,"A",IF(C147=C146,"B",""))) | C147: 3010 | D147: E | E147: 1965 | F147: l | G147: 41913 | H147: =G147 -> 41913 | I147: =DATE(YEAR(H147),1+MONTH(H147),0) -> 41943 | J147: 5333 | K147: 5066.35 | L147: =K147-J147 -> -266.65 | M147: =IF(K147=0,0,(J147-K147)/K147) -> 0.052631579 | N147: =IF(F147="V",D147) -> FALSE | O147: =IF(F147="l",E147,"FALSE") -> 1965
C148: 3015 | D148: E | E148: 1965 | F148: l | G148: 42009 | H148: =G148 -> 42009 | I148: =DATE(YEAR(H148),1+MONTH(H148),0) -> 42035 | J148: 5333 | K148: 4906.36 | L148: =K148-J148 -> -426.64 | M148: =IF(K148=0,0,(J148-K148)/K148) -> 0.086956522 | N148: =IF(F148="V",D148) -> FALSE | O148: =IF(F148="l",E148,"FALSE") -> 1965
C149: 3020 | D149: E | E149: 1965 | F149: l | G149: 42366 | H149: =G149 -> 42366 | I149: =DATE(YEAR(H149),1+MONTH(H149),0) -> 42369 | J149: 5333 | K149: 4906.36 | L149: =K149-J149 -> -426.64 | M149: =IF(K149=0,0,(J149-K149)/K149) -> 0.086956522 | N149: =IF(F149="V",D149) -> FALSE | O149: =IF(F149="l",E149,"FALSE") -> 1965
C150: 4005 | D150: E | E150: 1965 | F150: l | G150: 40848 | H150: =G150 -> 40848 | I150: =DATE(YEAR(H150),1+MONTH(H150),0) -> 40877 | J150: 5333 | K150: 4959.69 | L150: =K150-J150 -> -373.31 | M150: =IF(K150=0,0,(J150-K150)/K150) -> 0.075268817 | N150: =IF(F150="V",D150) -> FALSE | O150: =IF(F150="l",E150,"FALSE") -> 1965
C151: 4010 | D151: E | E151: 1965 | F151: l | G151: 41640 | H151: =G151 -> 41640 | I151: =DATE(YEAR(H151),1+MONTH(H151),0) -> 41670 | J151: 5333 | K151: 5279.67 | L151: =K151-J151 -> -53.33 | M151: =IF(K151=0,0,(J151-K151)/K151) -> 0.01010101 | N151: =IF(F151="V",D151) -> FALSE | O151: =IF(F151="l",E151,"FALSE") -> 1965
C152: 4015 | D152: E | E152: 1965 | F152: l | G152: 40805 | H152: =G152 -> 40805 | I152: =DATE(YEAR(H152),1+MONTH(H152),0) -> 40816 | J152: 5333 | K152: 5333 | L152: =K152-J152 -> 0 | M152: =IF(K152=0,0,(J152-K152)/K152) -> 0 | N152: =IF(F152="V",D152) -> FALSE | O152: =IF(F152="l",E152,"FALSE") -> 1965
C153: 4020 | D153: E | E153: 1965 | F153: l | G153: 41090 | H153: =G153 -> 41090 | I153: =DATE(YEAR(H153),1+MONTH(H153),0) -> 41090 | J153: 5333 | K153: 5119.68 | L153: =K153-J153 -> -213.32 | M153: =IF(K153=0,0,(J153-K153)/K153) -> 0.041666667 | N153: =IF(F153="V",D153) -> FALSE | O153: =IF(F153="l",E153,"FALSE") -> 1965
C154: 5005 | D154: E | E154: 1965 | F154: l | G154: 41635 | H154: =G154 -> 41635 | I154: =DATE(YEAR(H154),1+MONTH(H154),0) -> 41639 | J154: 5333 | K154: 4959.69 | L154: =K154-J154 -> -373.31 | M154: =IF(K154=0,0,(J154-K154)/K154) -> 0.075268817 | N154: =IF(F154="V",D154) -> FALSE | O154: =IF(F154="l",E154,"FALSE") -> 1965
C155: 5010 | D155: E | E155: 1965 | F155: l | G155: 42109 | H155: =G155 -> 42109 | I155: =DATE(YEAR(H155),1+MONTH(H155),0) -> 42124 | J155: 5333 | K155: 4959.69 | L155: =K155-J155 -> -373.31 | M155: =IF(K155=0,0,(J155-K155)/K155) -> 0.075268817 | N155: =IF(F155="V",D155) -> FALSE | O155: =IF(F155="l",E155,"FALSE") -> 1965
C156: 5015 | D156: E | E156: 1965 | F156: l | G156: 41974 | H156: =G156 -> 41974 | I156: =DATE(YEAR(H156),1+MONTH(H156),0) -> 42004 | J156: 5333 | K156: 5226.34 | L156: =K156-J156 -> -106.66 | M156: =IF(K156=0,0,(J156-K156)/K156) -> 0.020408163 | N156: =IF(F156="V",D156) -> FALSE | O156: =IF(F156="l",E156,"FALSE") -> 1965
C157: 5020 | D157: E | E157: 1965 | F157: l | G157: 41257 | H157: =G157 -> 41257 | I157: =DATE(YEAR(H157),1+MONTH(H157),0) -> 41274 | J157: 5333 | K157: 5013.02 | L157: =K157-J157 -> -319.98 | M157: =IF(K157=0,0,(J157-K157)/K157) -> 0.063829787 | N157: =IF(F157="V",D157) -> FALSE | O157: =IF(F157="l",E157,"FALSE") -> 1965
C158: 6005 | D158: E | E158: 1965 | F158: l | G158: 42289 | H158: =G158 -> 42289 | I158: =DATE(YEAR(H158),1+MONTH(H158),0) -> 42308 | J158: 5333 | K158: 5013.02 | L158: =K158-J158 -> -319.98 | M158: =IF(K158=0,0,(J158-K158)/K158) -> 0.063829787 | N158: =IF(F158="V",D158) -> FALSE | O158: =IF(F158="l",E158,"FALSE") -> 1965
C159: 6010 | D159: E | E159: 1965 | F159: l | G159: 42149 | H159: =G159 -> 42149 | I159: =DATE(YEAR(H159),1+MONTH(H159),0) -> 42155 | J159: 5333 | K159: 5279.67 | L159: =K159-J159 -> -53.33 | M159: =IF(K159=0,0,(J159-K159)/K159) -> 0.01010101 | N159: =IF(F159="V",D159) -> FALSE | O159: =IF(F159="l",E159,"FALSE") -> 1965
... C169: 8020 | D169: E | E169: 1965 | F169: l | G169: 41618 | H169: =G169 -> 41618 | I169: =DATE(YEAR(H169),1+MONTH(H169),0) -> 41639 | J169: 5333 | K169: 4906.36 | L169: =K169-J169 -> -426.64 | M169: =IF(K169=0,0,(J169-K169)/K169) -> 0.086956522 | N169: =IF(F169="V",D169) -> FALSE | O169: =IF(F169="l",E169,"FALSE") -> 1965
H170: =G170 -> 0 | I170: =DATE(YEAR(H170),1+MONTH(H170),0) -> 31 | L170: =K170-J170 -> 0 | M170: =IF(K170=0,0,(J170-K170)/K170) -> 0 | N170: =IF(F170="V",D170) -> FALSE | O170: =IF(F170="l",E170,"FALSE") -> FALSE
H171: =G171 -> 0 | I171: =DATE(YEAR(H171),1+MONTH(H171),0) -> 31 | L171: =K171-J171 -> 0 | M171: =IF(K171=0,0,(J171-K171)/K171) -> 0 | N171: =IF(F171="V",D171) -> FALSE | O171: =IF(F171="l",E171,"FALSE") -> FALSE
H172: =G172 -> 0 | I172: =DATE(YEAR(H172),1+MONTH(H172),0) -> 31 | L172: =K172-J172 -> 0 | M172: =IF(K172=0,0,(J172-K172)/K172) -> 0 | N172: =IF(F172="V",D172) -> FALSE | O172: =IF(F172="l",E172,"FALSE") -> FALSE
H173: =G173 -> 0 | I173: =DATE(YEAR(H173),1+MONTH(H173),0) -> 31 | L173: =K173-J173 -> 0 | M173: =IF(K173=0,0,(J173-K173)/K173) -> 0 | N173: =IF(F173="V",D173) -> FALSE | O173: =IF(F173="l",E173,"FALSE") -> FALSE
H174: =G174 -> 0 | I174: =DATE(YEAR(H174),1+MONTH(H174),0) -> 31 | L174: =K174-J174 -> 0 | M174: =IF(K174=0,0,(J174-K174)/K174) -> 0 | N174: =IF(F174="V",D174) -> FALSE | O174: =IF(F174="l",E174,"FALSE") -> FALSE
H175: =G175 -> 0 | I175: =DATE(YEAR(H175),1+MONTH(H175),0) -> 31 | L175: =K175-J175 -> 0 | M175: =IF(K175=0,0,(J175-K175)/K175) -> 0 | N175: =IF(F175="V",D175) -> FALSE | O175: =IF(F175="l",E175,"FALSE") -> FALSE
H176: =G176 -> 0 | I176: =DATE(YEAR(H176),1+MONTH(H176),0) -> 31 | L176: =K176-J176 -> 0 | M176: =IF(K176=0,0,(J176-K176)/K176) -> 0 | N176: =IF(F176="V",D176) -> FALSE | O176: =IF(F176="l",E176,"FALSE") -> FALSE
H177: =G177 -> 0 | I177: =DATE(YEAR(H177),1+MONTH(H177),0) -> 31 | L177: =K177-J177 -> 0 | M177: =IF(K177=0,0,(J177-K177)/K177) -> 0 | N177: =IF(F177="V",D177) -> FALSE | O177: =IF(F177="l",E177,"FALSE") -> FALSE
H178: =G178 -> 0 | I178: =DATE(YEAR(H178),1+MONTH(H178),0) -> 31 | L178: =K178-J178 -> 0 | M178: =IF(K178=0,0,(J178-K178)/K178) -> 0 | N178: =IF(F178="V",D178) -> FALSE | O178: =IF(F178="l",E178,"FALSE") -> FALSE
H179: =G179 -> 0 | I179: =DATE(YEAR(H179),1+MONTH(H179),0) -> 31 | L179: =K179-J179 -> 0 | M179: =IF(K179=0,0,(J179-K179)/K179) -> 0 | N179: =IF(F179="V",D179) -> FALSE | O179: =IF(F179="l",E179,"FALSE") -> FALSE
H180: =G180 -> 0 | I180: =DATE(YEAR(H180),1+MONTH(H180),0) -> 31 | L180: =K180-J180 -> 0 | M180: =IF(K180=0,0,(J180-K180)/K180) -> 0 | N180: =IF(F180="V",D180) -> FALSE | O180: =IF(F180="l",E180,"FALSE") -> FALSE
H181: =G181 -> 0 | I181: =DATE(YEAR(H181),1+MONTH(H181),0) -> 31 | L181: =K181-J181 -> 0 | M181: =IF(K181=0,0,(J181-K181)/K181) -> 0 | N181: =IF(F181="V",D181) -> FALSE | O181: =IF(F181="l",E181,"FALSE") -> FALSE
... H193: =G193 -> 0 | I193: =DATE(YEAR(H193),1+MONTH(H193),0) -> 31 | L193: =K193-J193 -> 0 | M193: =IF(K193=0,0,(J193-K193)/K193) -> 0 | N193: =IF(F193="V",D193) -> FALSE | O193: =IF(F193="l",E193,"FALSE") -> FALSE
A194: =IF(C194="","",IF(C194=C195,"A",IF(C194=C147,"B",""))) | H194: =G194 -> 0 | I194: =DATE(YEAR(H194),1+MONTH(H194),0) -> 31 | L194: =K194-J194 -> 0 | M194: =IF(K194=0,0,(J194-K194)/K194) -> 0 | N194: =IF(F194="V",D194) -> FALSE | O194: =IF(F194="l",E194,"FALSE") -> FALSE
A195: =IF(C195="","",IF(C195=C196,"A",IF(C195=C194,"B",""))) | H195: =G195 -> 0 | I195: =DATE(YEAR(H195),1+MONTH(H195),0) -> 31 | L195: =K195-J195 -> 0 | M195: =IF(K195=0,0,(J195-K195)/K195) -> 0 | N195: =IF(F195="V",D195) -> FALSE | O195: =IF(F195="l",E195,"FALSE") -> FALSE
A196: =IF(C196="","",IF(C196=C197,"A",IF(C196=C195,"B",""))) | H196: =G196 -> 0 | I196: =DATE(YEAR(H196),1+MONTH(H196),0) -> 31 | L196: =K196-J196 -> 0 | M196: =IF(K196=0,0,(J196-K196)/K196) -> 0 | N196: =IF(F196="V",D196) -> FALSE | O196: =IF(F196="l",E196,"FALSE") -> FALSE
A197: =IF(C197="","",IF(C197=#REF!,"A",IF(C197=C196,"B",""))) | H197: =G197 -> 0 | I197: =DATE(YEAR(H197),1+MONTH(H197),0) -> 31 | L197: =K197-J197 -> 0 | M197: =IF(K197=0,0,(J197-K197)/K197) -> 0 | N197: =IF(F197="V",D197) -> FALSE | O197: =IF(F197="l",E197,"FALSE") -> FALSE
A199: x | C199: =COUNTA(C10:C197) -> 160 | D199: =E199/C199 -> 1616.6 | E199: =SUM(E10:E197) -> 258656 | J199: =SUM(J10:J197) -> 751456 | K199: =SUM(K10:K197) -> 723913.35 | L199: =SUM(L10:L197) -> -27542.65 | M199: =(K199-J199)/J199 -> -0.036652379 | N199: =COUNT(N9:N197) -> 0 | O199: =COUNT(O9:O197) -> 156

Sheet Amort. Schedule
B2: Debt Schedule
B4: 1st Mortgage | C4: =Projection!C14 -> 52000000 | H4: Term: | I4: =Projection!C19 -> 7 | L4: =IF(Projection!C21>0,'Amort. Schedule'!L5,'Amort. Schedule'!L6) -> 3 years of interest only
B5: Interest Rate | C5: =Projection!C16 -> 0.0425 | H5: Start Date: | I5: =DATE(YEAR(Projection!$C$17),MONTH(Projection!$C$17),1) -> 42795 | L5: =""&TEXT(Projection!C21,"0")&" years of interest only" -> 3 years of interest only
B6: Interest per Period | C6: =C5/12 -> 0.0035416667 | H6: Amo Starts: | I6: =DATE(YEAR(I5),MONTH(I5)+Projection!$C$21*12,1) -> 43891 | L6: ="no interest only" -> no interest only
B7: Amortization Period | C7: =Projection!C20 -> 30 | H7: Date of Value: | I7: =I5 -> 42795
B8: Number of Payments | C8: =C7*12 -> 360 | H8: IO Remaining: | I8: =IF(I6>I7,(YEARFRAC(I7,I6)),0) -> 3
B9: Monthly Payment | C9: =C10/12 -> 255808.74 | H9: IO Remaining: | I9: =I8*12 -> 36
B10: Total Annual Payment | C10: =PMT(C5/12,C8,C4)*-12 -> 3069704.9
B13: ="Fixed-Rate "&TEXT(I4,"0")&"-Year Loan" -> Fixed-Rate 7-Year Loan | H13: Beginning | I13: End
B14: Year | C14: Interest | D14: Principal | E14: Balance | F14: Payment | H14: Month | I14: Month
B15: 1 | C15: =IF($B15<=$I$4,(SUMIFS('Amort. Schedule'!$H$39:$H$158,'Amort. Schedule'!$E$39:$E$158,">="&'Amort. Schedule'!$H15,$E$39:$E$158,"<="&'Amort. Schedule'!$I15)),"") -> 2210000 | D15: =IF($B15<=$I$4,(SUMIFS('Amort. Schedule'!$I$39:$I$158,'Amort. Schedule'!$E$39:$E$158,">="&'Amort. Schedule'!$H15,$E$39:$E$158,"<="&'Amort. Schedule'!$I15)),"") -> 0 | E15: =IF($B15<=$I$4,(LOOKUP('Amort. Schedule'!I15,$E$39:$E$158,$J$39:$J$158)),"") -> 52000000 | F15: =SUM(C15:D15) -> 2210000 | H15: 1 | I15: 12
B16: =B15+1 -> 2 | C16: =IF($B16<=$I$4,(SUMIFS('Amort. Schedule'!$H$39:$H$158,'Amort. Schedule'!$E$39:$E$158,">="&'Amort. Schedule'!$H16,$E$39:$E$158,"<="&'Amort. Schedule'!$I16)),"") -> 2210000 | D16: =IF($B16<=$I$4,(SUMIFS('Amort. Schedule'!$I$39:$I$158,'Amort. Schedule'!$E$39:$E$158,">="&'Amort. Schedule'!$H16,$E$39:$E$158,"<="&'Amort. Schedule'!$I16)),"") -> 0 | E16: =IF($B16<=$I$4,(LOOKUP('Amort. Schedule'!I16,$E$39:$E$158,$J$39:$J$158)),"") -> 52000000 | F16: =SUM(C16:D16) -> 2210000 | H16: =I15+1 -> 13 | I16: =H16+11 -> 24
B17: =B16+1 -> 3 | C17: =IF($B17<=$I$4,(SUMIFS('Amort. Schedule'!$H$39:$H$158,'Amort. Schedule'!$E$39:$E$158,">="&'Amort. Schedule'!$H17,$E$39:$E$158,"<="&'Amort. Schedule'!$I17)),"") -> 2210000 | D17: =IF($B17<=$I$4,(SUMIFS('Amort. Schedule'!$I$39:$I$158,'Amort. Schedule'!$E$39:$E$158,">="&'Amort. Schedule'!$H17,$E$39:$E$158,"<="&'Amort. Schedule'!$I17)),"") -> 0 | E17: =IF($B17<=$I$4,(LOOKUP('Amort. Schedule'!I17,$E$39:$E$158,$J$39:$J$158)),"") -> 52000000 | F17: =SUM(C17:D17) -> 2210000 | H17: =I16+1 -> 25 | I17: =H17+11 -> 36
B18: =B17+1 -> 4 | C18: =IF($B18<=$I$4,(SUMIFS('Amort. Schedule'!$H$39:$H$158,'Amort. Schedule'!$E$39:$E$158,">="&'Amort. Schedule'!$H18,$E$39:$E$158,"<="&'Amort. Schedule'!$I18)),"") -> 2193054.4 | D18: =IF($B18<=$I$4,(SUMIFS('Amort. Schedule'!$I$39:$I$158,'Amort. Schedule'!$E$39:$E$158,">="&'Amort. Schedule'!$H18,$E$39:$E$158,"<="&'Amort. Schedule'!$I18)),"") -> 876650.54 | E18: =IF($B18<=$I$4,(LOOKUP('Amort. Schedule'!I18,$E$39:$E$158,$J$39:$J$158)),"") -> 51123349 | F18: =SUM(C18:D18) -> 3069704.9 | H18: =I17+1 -> 37 | I18: =H18+11 -> 48
B19: =B18+1 -> 5 | C19: =IF($B19<=$I$4,(SUMIFS('Amort. Schedule'!$H$39:$H$158,'Amort. Schedule'!$E$39:$E$158,">="&'Amort. Schedule'!$H19,$E$39:$E$158,"<="&'Amort. Schedule'!$I19)),"") -> 2155062.3 | D19: =IF($B19<=$I$4,(SUMIFS('Amort. Schedule'!$I$39:$I$158,'Amort. Schedule'!$E$39:$E$158,">="&'Amort. Schedule'!$H19,$E$39:$E$158,"<="&'Amort. Schedule'!$I19)),"") -> 914642.57 | E19: =IF($B19<=$I$4,(LOOKUP('Amort. Schedule'!I19,$E$39:$E$158,$J$39:$J$158)),"") -> 50208707 | F19: =SUM(C19:D19) -> 3069704.9 | H19: =I18+1 -> 49 | I19: =H19+11 -> 60
B20: =B19+1 -> 6 | C20: =IF($B20<=$I$4,(SUMIFS('Amort. Schedule'!$H$39:$H$158,'Amort. Schedule'!$E$39:$E$158,">="&'Amort. Schedule'!$H20,$E$39:$E$158,"<="&'Amort. Schedule'!$I20)),"") -> 2115423.8 | D20: =IF($B20<=$I$4,(SUMIFS('Amort. Schedule'!$I$39:$I$158,'Amort. Schedule'!$E$39:$E$158,">="&'Amort. Schedule'!$H20,$E$39:$E$158,"<="&'Amort. Schedule'!$I20)),"") -> 954281.09 | E20: =IF($B20<=$I$4,(LOOKUP('Amort. Schedule'!I20,$E$39:$E$158,$J$39:$J$158)),"") -> 49254426 | F20: =SUM(C20:D20) -> 3069704.9 | H20: =I19+1 -> 61 | I20: =H20+11 -> 72
B21: =B20+1 -> 7 | C21: =IF($B21<=$I$4,(SUMIFS('Amort. Schedule'!$H$39:$H$158,'Amort. Schedule'!$E$39:$E$158,">="&'Amort. Schedule'!$H21,$E$39:$E$158,"<="&'Amort. Schedule'!$I21)),"") -> 2074067.5 | D21: =IF($B21<=$I$4,(SUMIFS('Amort. Schedule'!$I$39:$I$158,'Amort. Schedule'!$E$39:$E$158,">="&'Amort. Schedule'!$H21,$E$39:$E$158,"<="&'Amort. Schedule'!$I21)),"") -> 995637.46 | E21: =IF($B21<=$I$4,(LOOKUP('Amort. Schedule'!I21,$E$39:$E$158,$J$39:$J$158)),"") -> 48258788 | F21: =SUM(C21:D21) -> 3069704.9 | H21: =I20+1 -> 73 | I21: =H21+11 -> 84
B22: =B21+1 -> 8 | C22: =IF($B22<=$I$4,(SUMIFS('Amort. Schedule'!$H$39:$H$158,'Amort. Schedule'!$E$39:$E$158,">="&'Amort. Schedule'!$H22,$E$39:$E$158,"<="&'Amort. Schedule'!$I22)),"") | D22: =IF($B22<=$I$4,(SUMIFS('Amort. Schedule'!$I$39:$I$158,'Amort. Schedule'!$E$39:$E$158,">="&'Amort. Schedule'!$H22,$E$39:$E$158,"<="&'Amort. Schedule'!$I22)),"") | E22: =IF($B22<=$I$4,(LOOKUP('Amort. Schedule'!I22,$E$39:$E$158,$J$39:$J$158)),"") | F22: =SUM(C22:D22) -> 0 | H22: =I21+1 -> 85 | I22: =H22+11 -> 96
B23: =B22+1 -> 9 | C23: =IF($B23<=$I$4,(SUMIFS('Amort. Schedule'!$H$39:$H$158,'Amort. Schedule'!$E$39:$E$158,">="&'Amort. Schedule'!$H23,$E$39:$E$158,"<="&'Amort. Schedule'!$I23)),"") | D23: =IF($B23<=$I$4,(SUMIFS('Amort. Schedule'!$I$39:$I$158,'Amort. Schedule'!$E$39:$E$158,">="&'Amort. Schedule'!$H23,$E$39:$E$158,"<="&'Amort. Schedule'!$I23)),"") | E23: =IF($B23<=$I$4,(LOOKUP('Amort. Schedule'!I23,$E$39:$E$158,$J$39:$J$158)),"") | F23: =SUM(C23:D23) -> 0 | H23: =I22+1 -> 97 | I23: =H23+11 -> 108
B24: =B23+1 -> 10 | C24: =IF($B24<=$I$4,(SUMIFS('Amort. Schedule'!$H$39:$H$158,'Amort. Schedule'!$E$39:$E$158,">="&'Amort. Schedule'!$H24,$E$39:$E$158,"<="&'Amort. Schedule'!$I24)),"") | D24: =IF($B24<=$I$4,(SUMIFS('Amort. Schedule'!$I$39:$I$158,'Amort. Schedule'!$E$39:$E$158,">="&'Amort. Schedule'!$H24,$E$39:$E$158,"<="&'Amort. Schedule'!$I24)),"") | E24: =IF($B24<=$I$4,(LOOKUP('Amort. Schedule'!I24,$E$39:$E$158,$J$39:$J$158)),"") | F24: =SUM(C24:D24) -> 0 | H24: =I23+1 -> 109 | I24: =H24+11 -> 120
B25: =B24+1 -> 11 | C25: =IF($B25<=$I$4,(SUMIFS('Amort. Schedule'!$H$39:$H$158,'Amort. Schedule'!$E$39:$E$158,">="&'Amort. Schedule'!$H25,$E$39:$E$158,"<="&'Amort. Schedule'!$I25)),"") | D25: =IF($B25<=$I$4,(SUMIFS('Amort. Schedule'!$I$39:$I$158,'Amort. Schedule'!$E$39:$E$158,">="&'Amort. Schedule'!$H25,$E$39:$E$158,"<="&'Amort. Schedule'!$I25)),"") | E25: =IF($B25<=$I$4,(LOOKUP('Amort. Schedule'!I25,$E$39:$E$158,$J$39:$J$158)),"") | F25: =SUM(C25:D25) -> 0 | H25: =I24+1 -> 121 | I25: =H25+11 -> 132
B28: =B13 -> Fixed-Rate 7-Year Loan
C29: 1 | D29: 2 | E29: 3 | F29: 4 | G29: 5 | H29: 6 | I29: 7 | J29: 8 | K29: 9 | L29: 10 | M29: 11
B30: Principal | C30: =VLOOKUP(C29,$B$15:$F$25,3,FALSE) -> 0 | D30: =VLOOKUP(D29,$B$15:$F$25,3,FALSE) -> 0 | E30: =VLOOKUP(E29,$B$15:$F$25,3,FALSE) -> 0 | F30: =VLOOKUP(F29,$B$15:$F$25,3,FALSE) -> 876650.54 | G30: =VLOOKUP(G29,$B$15:$F$25,3,FALSE) -> 914642.57 | H30: =VLOOKUP(H29,$B$15:$F$25,3,FALSE) -> 954281.09 | I30: =VLOOKUP(I29,$B$15:$F$25,3,FALSE) -> 995637.46 | J30: =VLOOKUP(J29,$B$15:$F$25,3,FALSE) | ... M30: =VLOOKUP(M29,$B$15:$F$25,3,FALSE)
B31: Interest | C31: =VLOOKUP(C29,$B$15:$F$25,2,FALSE) -> 2210000 | D31: =VLOOKUP(D29,$B$15:$F$25,2,FALSE) -> 2210000 | E31: =VLOOKUP(E29,$B$15:$F$25,2,FALSE) -> 2210000 | F31: =VLOOKUP(F29,$B$15:$F$25,2,FALSE) -> 2193054.4 | G31: =VLOOKUP(G29,$B$15:$F$25,2,FALSE) -> 2155062.3 | H31: =VLOOKUP(H29,$B$15:$F$25,2,FALSE) -> 2115423.8 | I31: =VLOOKUP(I29,$B$15:$F$25,2,FALSE) -> 2074067.5 | J31: =VLOOKUP(J29,$B$15:$F$25,2,FALSE) | ... M31: =VLOOKUP(M29,$B$15:$F$25,2,FALSE)
B32: Total | C32: =SUM(C30:C31) -> 2210000 | D32: =SUM(D30:D31) -> 2210000 | E32: =SUM(E30:E31) -> 2210000 | F32: =SUM(F30:F31) -> 3069704.9 | G32: =SUM(G30:G31) -> 3069704.9 | H32: =SUM(H30:H31) -> 3069704.9 | I32: =SUM(I30:I31) -> 3069704.9 | J32: =SUM(J30:J31) -> 0 | ... M32: =SUM(M30:M31) -> 0
B33: Balance | C33: =VLOOKUP(C29,$B$15:$F$25,4,FALSE) -> 52000000 | D33: =VLOOKUP(D29,$B$15:$F$25,4,FALSE) -> 52000000 | E33: =VLOOKUP(E29,$B$15:$F$25,4,FALSE) -> 52000000 | F33: =VLOOKUP(F29,$B$15:$F$25,4,FALSE) -> 51123349 | G33: =VLOOKUP(G29,$B$15:$F$25,4,FALSE) -> 50208707 | H33: =VLOOKUP(H29,$B$15:$F$25,4,FALSE) -> 49254426 | I33: =VLOOKUP(I29,$B$15:$F$25,4,FALSE) -> 48258788 | J33: =VLOOKUP(J29,$B$15:$F$25,4,FALSE) | ... M33: =VLOOKUP(M29,$B$15:$F$25,4,FALSE)
B36: Amortization Schedule
J37: Loan | K37: Total | L37: Total | M37: Total
B38: Amortization Year | F38: Principal | G38: PMT | H38: Interest | I38: Principal | J38: Balance | K38: Int Pmt | L38: Principal | M38: PMTS
B39: 1 | C39: =YEAR(I5) -> 2017 | D39: =EOMONTH(I5,0) -> 42825 | E39: 1 | F39: =C4 -> 52000000 | G39: =H39+I39 -> 184166.67 | H39: =$C$6*F39 -> 184166.67 | I39: =IF(E39<=$I$9,0,$C$9-H39) -> 0 | J39: =F39-I39 -> 52000000
D40: =DATE(YEAR(D39),MONTH(D39)+1,1) -> 42826 | E40: 2 | F40: =J39 -> 52000000 | G40: =H40+I40 -> 184166.67 | H40: =$C$6*F40 -> 184166.67 | I40: =IF(E40<=$I$9,0,$C$9-H40) -> 0 | J40: =F40-I40 -> 52000000
D41: =DATE(YEAR(D40),MONTH(D40)+1,1) -> 42856 | E41: 3 | F41: =J40 -> 52000000 | G41: =H41+I41 -> 184166.67 | H41: =$C$6*F41 -> 184166.67 | I41: =IF(E41<=$I$9,0,$C$9-H41) -> 0 | J41: =F41-I41 -> 52000000
D42: =DATE(YEAR(D41),MONTH(D41)+1,1) -> 42887 | E42: 4 | F42: =J41 -> 52000000 | G42: =H42+I42 -> 184166.67 | H42: =$C$6*F42 -> 184166.67 | I42: =IF(E42<=$I$9,0,$C$9-H42) -> 0 | J42: =F42-I42 -> 52000000
D43: =DATE(YEAR(D42),MONTH(D42)+1,1) -> 42917 | E43: 5 | F43: =J42 -> 52000000 | G43: =H43+I43 -> 184166.67 | H43: =$C$6*F43 -> 184166.67 | I43: =IF(E43<=$I$9,0,$C$9-H43) -> 0 | J43: =F43-I43 -> 52000000
D44: =DATE(YEAR(D43),MONTH(D43)+1,1) -> 42948 | E44: 6 | F44: =J43 -> 52000000 | G44: =H44+I44 -> 184166.67 | H44: =$C$6*F44 -> 184166.67 | I44: =IF(E44<=$I$9,0,$C$9-H44) -> 0 | J44: =F44-I44 -> 52000000
D45: =DATE(YEAR(D44),MONTH(D44)+1,1) -> 42979 | E45: 7 | F45: =J44 -> 52000000 | G45: =H45+I45 -> 184166.67 | H45: =$C$6*F45 -> 184166.67 | I45: =IF(E45<=$I$9,0,$C$9-H45) -> 0 | J45: =F45-I45 -> 52000000
D46: =DATE(YEAR(D45),MONTH(D45)+1,1) -> 43009 | E46: 8 | F46: =J45 -> 52000000 | G46: =H46+I46 -> 184166.67 | H46: =$C$6*F46 -> 184166.67 | I46: =IF(E46<=$I$9,0,$C$9-H46) -> 0 | J46: =F46-I46 -> 52000000
D47: =DATE(YEAR(D46),MONTH(D46)+1,1) -> 43040 | E47: 9 | F47: =J46 -> 52000000 | G47: =H47+I47 -> 184166.67 | H47: =$C$6*F47 -> 184166.67 | I47: =IF(E47<=$I$9,0,$C$9-H47) -> 0 | J47: =F47-I47 -> 52000000
D48: =DATE(YEAR(D47),MONTH(D47)+1,1) -> 43070 | E48: 10 | F48: =J47 -> 52000000 | G48: =H48+I48 -> 184166.67 | H48: =$C$6*F48 -> 184166.67 | I48: =IF(E48<=$I$9,0,$C$9-H48) -> 0 | J48: =F48-I48 -> 52000000
D49: =DATE(YEAR(D48),MONTH(D48)+1,1) -> 43101 | E49: 11 | F49: =J48 -> 52000000 | G49: =H49+I49 -> 184166.67 | H49: =$C$6*F49 -> 184166.67 | I49: =IF(E49<=$I$9,0,$C$9-H49) -> 0 | J49: =F49-I49 -> 52000000
D50: =DATE(YEAR(D49),MONTH(D49)+1,1) -> 43132 | E50: 12 | F50: =J49 -> 52000000 | G50: =H50+I50 -> 184166.67 | H50: =$C$6*F50 -> 184166.67 | I50: =IF(E50<=$I$9,0,$C$9-H50) -> 0 | J50: =F50-I50 -> 52000000 | K50: =SUM(H39:H50) -> 2210000 | L50: =SUM(I39:I50) -> 0 | M50: =SUM(K50:L50) -> 2210000
B51: 2 | C51: =C39+1 -> 2018 | D51: =DATE(YEAR(D50),MONTH(D50)+1,1) -> 43160 | E51: 13 | F51: =J50 -> 52000000 | G51: =H51+I51 -> 184166.67 | H51: =$C$6*F51 -> 184166.67 | I51: =IF(E51<=$I$9,0,$C$9-H51) -> 0 | J51: =F51-I51 -> 52000000
D52: =DATE(YEAR(D51),MONTH(D51)+1,1) -> 43191 | E52: 14 | F52: =J51 -> 52000000 | G52: =H52+I52 -> 184166.67 | H52: =$C$6*F52 -> 184166.67 | I52: =IF(E52<=$I$9,0,$C$9-H52) -> 0 | J52: =F52-I52 -> 52000000
D53: =DATE(YEAR(D52),MONTH(D52)+1,1) -> 43221 | E53: 15 | F53: =J52 -> 52000000 | G53: =H53+I53 -> 184166.67 | H53: =$C$6*F53 -> 184166.67 | I53: =IF(E53<=$I$9,0,$C$9-H53) -> 0 | J53: =F53-I53 -> 52000000
D54: =DATE(YEAR(D53),MONTH(D53)+1,1) -> 43252 | E54: 16 | F54: =J53 -> 52000000 | G54: =H54+I54 -> 184166.67 | H54: =$C$6*F54 -> 184166.67 | I54: =IF(E54<=$I$9,0,$C$9-H54) -> 0 | J54: =F54-I54 -> 52000000
D55: =DATE(YEAR(D54),MONTH(D54)+1,1) -> 43282 | E55: 17 | F55: =J54 -> 52000000 | G55: =H55+I55 -> 184166.67 | H55: =$C$6*F55 -> 184166.67 | I55: =IF(E55<=$I$9,0,$C$9-H55) -> 0 | J55: =F55-I55 -> 52000000
D56: =DATE(YEAR(D55),MONTH(D55)+1,1) -> 43313 | E56: 18 | F56: =J55 -> 52000000 | G56: =H56+I56 -> 184166.67 | H56: =$C$6*F56 -> 184166.67 | I56: =IF(E56<=$I$9,0,$C$9-H56) -> 0 | J56: =F56-I56 -> 52000000
D57: =DATE(YEAR(D56),MONTH(D56)+1,1) -> 43344 | E57: 19 | F57: =J56 -> 52000000 | G57: =H57+I57 -> 184166.67 | H57: =$C$6*F57 -> 184166.67 | I57: =IF(E57<=$I$9,0,$C$9-H57) -> 0 | J57: =F57-I57 -> 52000000
D58: =DATE(YEAR(D57),MONTH(D57)+1,1) -> 43374 | E58: 20 | F58: =J57 -> 52000000 | G58: =H58+I58 -> 184166.67 | H58: =$C$6*F58 -> 184166.67 | I58: =IF(E58<=$I$9,0,$C$9-H58) -> 0 | J58: =F58-I58 -> 52000000
D59: =DATE(YEAR(D58),MONTH(D58)+1,1) -> 43405 | E59: 21 | F59: =J58 -> 52000000 | G59: =H59+I59 -> 184166.67 | H59: =$C$6*F59 -> 184166.67 | I59: =IF(E59<=$I$9,0,$C$9-H59) -> 0 | J59: =F59-I59 -> 52000000
D60: =DATE(YEAR(D59),MONTH(D59)+1,1) -> 43435 | E60: 22 | F60: =J59 -> 52000000 | G60: =H60+I60 -> 184166.67 | H60: =$C$6*F60 -> 184166.67 | I60: =IF(E60<=$I$9,0,$C$9-H60) -> 0 | J60: =F60-I60 -> 52000000
D61: =DATE(YEAR(D60),MONTH(D60)+1,1) -> 43466 | E61: 23 | F61: =J60 -> 52000000 | G61: =H61+I61 -> 184166.67 | H61: =$C$6*F61 -> 184166.67 | I61: =IF(E61<=$I$9,0,$C$9-H61) -> 0 | J61: =F61-I61 -> 52000000
D62: =DATE(YEAR(D61),MONTH(D61)+1,1) -> 43497 | E62: 24 | F62: =J61 -> 52000000 | G62: =H62+I62 -> 184166.67 | H62: =$C$6*F62 -> 184166.67 | I62: =IF(E62<=$I$9,0,$C$9-H62) -> 0 | J62: =F62-I62 -> 52000000 | K62: =SUM(H51:H62) -> 2210000 | L62: =SUM(I51:I62) -> 0 | M62: =SUM(K62:L62) -> 2210000
B63: 3 | C63: =C51+1 -> 2019 | D63: =DATE(YEAR(D62),MONTH(D62)+1,1) -> 43525 | E63: 25 | F63: =J62 -> 52000000 | G63: =H63+I63 -> 184166.67 | H63: =$C$6*F63 -> 184166.67 | I63: =IF(E63<=$I$9,0,$C$9-H63) -> 0 | J63: =F63-I63 -> 52000000
D64: =DATE(YEAR(D63),MONTH(D63)+1,1) -> 43556 | E64: 26 | F64: =J63 -> 52000000 | G64: =H64+I64 -> 184166.67 | H64: =$C$6*F64 -> 184166.67 | I64: =IF(E64<=$I$9,0,$C$9-H64) -> 0 | J64: =F64-I64 -> 52000000
D65: =DATE(YEAR(D64),MONTH(D64)+1,1) -> 43586 | E65: 27 | F65: =J64 -> 52000000 | G65: =H65+I65 -> 184166.67 | H65: =$C$6*F65 -> 184166.67 | I65: =IF(E65<=$I$9,0,$C$9-H65) -> 0 | J65: =F65-I65 -> 52000000
D66: =DATE(YEAR(D65),MONTH(D65)+1,1) -> 43617 | E66: 28 | F66: =J65 -> 52000000 | G66: =H66+I66 -> 184166.67 | H66: =$C$6*F66 -> 184166.67 | I66: =IF(E66<=$I$9,0,$C$9-H66) -> 0 | J66: =F66-I66 -> 52000000
D67: =DATE(YEAR(D66),MONTH(D66)+1,1) -> 43647 | E67: 29 | F67: =J66 -> 52000000 | G67: =H67+I67 -> 184166.67 | H67: =$C$6*F67 -> 184166.67 | I67: =IF(E67<=$I$9,0,$C$9-H67) -> 0 | J67: =F67-I67 -> 52000000
D68: =DATE(YEAR(D67),MONTH(D67)+1,1) -> 43678 | E68: 30 | F68: =J67 -> 52000000 | G68: =H68+I68 -> 184166.67 | H68: =$C$6*F68 -> 184166.67 | I68: =IF(E68<=$I$9,0,$C$9-H68) -> 0 | J68: =F68-I68 -> 52000000
D69: =DATE(YEAR(D68),MONTH(D68)+1,1) -> 43709 | E69: 31 | F69: =J68 -> 52000000 | G69: =H69+I69 -> 184166.67 | H69: =$C$6*F69 -> 184166.67 | I69: =IF(E69<=$I$9,0,$C$9-H69) -> 0 | J69: =F69-I69 -> 52000000
D70: =DATE(YEAR(D69),MONTH(D69)+1,1) -> 43739 | E70: 32 | F70: =J69 -> 52000000 | G70: =H70+I70 -> 184166.67 | H70: =$C$6*F70 -> 184166.67 | I70: =IF(E70<=$I$9,0,$C$9-H70) -> 0 | J70: =F70-I70 -> 52000000
D71: =DATE(YEAR(D70),MONTH(D70)+1,1) -> 43770 | E71: 33 | F71: =J70 -> 52000000 | G71: =H71+I71 -> 184166.67 | H71: =$C$6*F71 -> 184166.67 | I71: =IF(E71<=$I$9,0,$C$9-H71) -> 0 | J71: =F71-I71 -> 52000000
D72: =DATE(YEAR(D71),MONTH(D71)+1,1) -> 43800 | E72: 34 | F72: =J71 -> 52000000 | G72: =H72+I72 -> 184166.67 | H72: =$C$6*F72 -> 184166.67 | I72: =IF(E72<=$I$9,0,$C$9-H72) -> 0 | J72: =F72-I72 -> 52000000
D73: =DATE(YEAR(D72),MONTH(D72)+1,1) -> 43831 | E73: 35 | F73: =J72 -> 52000000 | G73: =H73+I73 -> 184166.67 | H73: =$C$6*F73 -> 184166.67 | I73: =IF(E73<=$I$9,0,$C$9-H73) -> 0 | J73: =F73-I73 -> 52000000
D74: =DATE(YEAR(D73),MONTH(D73)+1,1) -> 43862 | E74: 36 | F74: =J73 -> 52000000 | G74: =H74+I74 -> 184166.67 | H74: =$C$6*F74 -> 184166.67 | I74: =IF(E74<=$I$9,0,$C$9-H74) -> 0 | J74: =F74-I74 -> 52000000 | K74: =SUM(H63:H74) -> 2210000 | L74: =SUM(I63:I74) -> 0 | M74: =SUM(K74:L74) -> 2210000
B75: 4 | C75: =C63+1 -> 2020 | D75: =DATE(YEAR(D74),MONTH(D74)+1,1) -> 43891 | E75: 37 | F75: =J74 -> 52000000 | G75: =H75+I75 -> 255808.74 | H75: =$C$6*F75 -> 184166.67 | I75: =IF(E75<=$I$9,0,$C$9-H75) -> 71642.077 | J75: =F75-I75 -> 51928358
D76: =DATE(YEAR(D75),MONTH(D75)+1,1) -> 43922 | E76: 38 | F76: =J75 -> 51928358 | G76: =H76+I76 -> 255808.74 | H76: =$C$6*F76 -> 183912.93 | I76: =IF(E76<=$I$9,0,$C$9-H76) -> 71895.809 | J76: =F76-I76 -> 51856462
D77: =DATE(YEAR(D76),MONTH(D76)+1,1) -> 43952 | E77: 39 | F77: =J76 -> 51856462 | G77: =H77+I77 -> 255808.74 | H77: =$C$6*F77 -> 183658.3 | I77: =IF(E77<=$I$9,0,$C$9-H77) -> 72150.44 | J77: =F77-I77 -> 51784312
D78: =DATE(YEAR(D77),MONTH(D77)+1,1) -> 43983 | E78: 40 | F78: =J77 -> 51784312 | G78: =H78+I78 -> 255808.74 | H78: =$C$6*F78 -> 183402.77 | I78: =IF(E78<=$I$9,0,$C$9-H78) -> 72405.973 | J78: =F78-I78 -> 51711906
D79: =DATE(YEAR(D78),MONTH(D78)+1,1) -> 44013 | E79: 41 | F79: =J78 -> 51711906 | G79: =H79+I79 -> 255808.74 | H79: =$C$6*F79 -> 183146.33 | I79: =IF(E79<=$I$9,0,$C$9-H79) -> 72662.411 | J79: =F79-I79 -> 51639243
D80: =DATE(YEAR(D79),MONTH(D79)+1,1) -> 44044 | E80: 42 | F80: =J79 -> 51639243 | G80: =H80+I80 -> 255808.74 | H80: =$C$6*F80 -> 182888.99 | I80: =IF(E80<=$I$9,0,$C$9-H80) -> 72919.757 | J80: =F80-I80 -> 51566324
D81: =DATE(YEAR(D80),MONTH(D80)+1,1) -> 44075 | E81: 43 | F81: =J80 -> 51566324 | G81: =H81+I81 -> 255808.74 | H81: =$C$6*F81 -> 182630.73 | I81: =IF(E81<=$I$9,0,$C$9-H81) -> 73178.014 | J81: =F81-I81 -> 51493146
D82: =DATE(YEAR(D81),MONTH(D81)+1,1) -> 44105 | E82: 44 | F82: =J81 -> 51493146 | G82: =H82+I82 -> 255808.74 | H82: =$C$6*F82 -> 182371.56 | I82: =IF(E82<=$I$9,0,$C$9-H82) -> 73437.186 | J82: =F82-I82 -> 51419708
D83: =DATE(YEAR(D82),MONTH(D82)+1,1) -> 44136 | E83: 45 | F83: =J82 -> 51419708 | G83: =H83+I83 -> 255808.74 | H83: =$C$6*F83 -> 182111.47 | I83: =IF(E83<=$I$9,0,$C$9-H83) -> 73697.276 | J83: =F83-I83 -> 51346011
D84: =DATE(YEAR(D83),MONTH(D83)+1,1) -> 44166 | E84: 46 | F84: =J83 -> 51346011 | G84: =H84+I84 -> 255808.74 | H84: =$C$6*F84 -> 181850.46 | I84: =IF(E84<=$I$9,0,$C$9-H84) -> 73958.288 | J84: =F84-I84 -> 51272053
D85: =DATE(YEAR(D84),MONTH(D84)+1,1) -> 44197 | E85: 47 | F85: =J84 -> 51272053 | G85: =H85+I85 -> 255808.74 | H85: =$C$6*F85 -> 181588.52 | I85: =IF(E85<=$I$9,0,$C$9-H85) -> 74220.223 | J85: =F85-I85 -> 51197833
D86: =DATE(YEAR(D85),MONTH(D85)+1,1) -> 44228 | E86: 48 | F86: =J85 -> 51197833 | G86: =H86+I86 -> 255808.74 | H86: =$C$6*F86 -> 181325.66 | I86: =IF(E86<=$I$9,0,$C$9-H86) -> 74483.086 | J86: =F86-I86 -> 51123349 | K86: =SUM(H75:H86) -> 2193054.4 | L86: =SUM(I75:I86) -> 876650.54 | M86: =SUM(K86:L86) -> 3069704.9
B87: 5 | C87: =C75+1 -> 2021 | D87: =DATE(YEAR(D86),MONTH(D86)+1,1) -> 44256 | E87: 49 | F87: =J86 -> 51123349 | G87: =H87+I87 -> 255808.74 | H87: =$C$6*F87 -> 181061.86 | I87: =IF(E87<=$I$9,0,$C$9-H87) -> 74746.881 | J87: =F87-I87 -> 51048603
D88: =DATE(YEAR(D87),MONTH(D87)+1,1) -> 44287 | E88: 50 | F88: =J87 -> 51048603 | G88: =H88+I88 -> 255808.74 | H88: =$C$6*F88 -> 180797.13 | I88: =IF(E88<=$I$9,0,$C$9-H88) -> 75011.609 | J88: =F88-I88 -> 50973591
D89: =DATE(YEAR(D88),MONTH(D88)+1,1) -> 44317 | E89: 51 | F89: =J88 -> 50973591 | G89: =H89+I89 -> 255808.74 | H89: =$C$6*F89 -> 180531.47 | I89: =IF(E89<=$I$9,0,$C$9-H89) -> 75277.275 | J89: =F89-I89 -> 50898314
D90: =DATE(YEAR(D89),MONTH(D89)+1,1) -> 44348 | E90: 52 | F90: =J89 -> 50898314 | G90: =H90+I90 -> 255808.74 | H90: =$C$6*F90 -> 180264.86 | I90: =IF(E90<=$I$9,0,$C$9-H90) -> 75543.882 | J90: =F90-I90 -> 50822770
D91: =DATE(YEAR(D90),MONTH(D90)+1,1) -> 44378 | E91: 53 | F91: =J90 -> 50822770 | G91: =H91+I91 -> 255808.74 | H91: =$C$6*F91 -> 179997.31 | I91: =IF(E91<=$I$9,0,$C$9-H91) -> 75811.434 | J91: =F91-I91 -> 50746958
D92: =DATE(YEAR(D91),MONTH(D91)+1,1) -> 44409 | E92: 54 | F92: =J91 -> 50746958 | G92: =H92+I92 -> 255808.74 | H92: =$C$6*F92 -> 179728.81 | I92: =IF(E92<=$I$9,0,$C$9-H92) -> 76079.932 | J92: =F92-I92 -> 50670878
D93: =DATE(YEAR(D92),MONTH(D92)+1,1) -> 44440 | E93: 55 | F93: =J92 -> 50670878 | G93: =H93+I93 -> 255808.74 | H93: =$C$6*F93 -> 179459.36 | I93: =IF(E93<=$I$9,0,$C$9-H93) -> 76349.382 | J93: =F93-I93 -> 50594529
D94: =DATE(YEAR(D93),MONTH(D93)+1,1) -> 44470 | E94: 56 | F94: =J93 -> 50594529 | G94: =H94+I94 -> 255808.74 | H94: =$C$6*F94 -> 179188.96 | I94: =IF(E94<=$I$9,0,$C$9-H94) -> 76619.786 | J94: =F94-I94 -> 50517909
D95: =DATE(YEAR(D94),MONTH(D94)+1,1) -> 44501 | E95: 57 | F95: =J94 -> 50517909 | G95: =H95+I95 -> 255808.74 | H95: =$C$6*F95 -> 178917.6 | I95: =IF(E95<=$I$9,0,$C$9-H95) -> 76891.148 | J95: =F95-I95 -> 50441018
D96: =DATE(YEAR(D95),MONTH(D95)+1,1) -> 44531 | E96: 58 | F96: =J95 -> 50441018 | G96: =H96+I96 -> 255808.74 | H96: =$C$6*F96 -> 178645.27 | I96: =IF(E96<=$I$9,0,$C$9-H96) -> 77163.471 | J96: =F96-I96 -> 50363855
D97: =DATE(YEAR(D96),MONTH(D96)+1,1) -> 44562 | E97: 59 | F97: =J96 -> 50363855 | G97: =H97+I97 -> 255808.74 | H97: =$C$6*F97 -> 178371.99 | I97: =IF(E97<=$I$9,0,$C$9-H97) -> 77436.758 | J97: =F97-I97 -> 50286418
D98: =DATE(YEAR(D97),MONTH(D97)+1,1) -> 44593 | E98: 60 | F98: =J97 -> 50286418 | G98: =H98+I98 -> 255808.74 | H98: =$C$6*F98 -> 178097.73 | I98: =IF(E98<=$I$9,0,$C$9-H98) -> 77711.013 | J98: =F98-I98 -> 50208707 | K98: =SUM(H87:H98) -> 2155062.3 | L98: =SUM(I87:I98) -> 914642.57 | M98: =SUM(K98:L98) -> 3069704.9
B99: 6 | C99: =C87+1 -> 2022 | D99: =DATE(YEAR(D98),MONTH(D98)+1,1) -> 44621 | E99: 61 | F99: =J98 -> 50208707 | G99: =H99+I99 -> 255808.74 | H99: =$C$6*F99 -> 177822.5 | I99: =IF(E99<=$I$9,0,$C$9-H99) -> 77986.24 | J99: =F99-I99 -> 50130721
D100: =DATE(YEAR(D99),MONTH(D99)+1,1) -> 44652 | E100: 62 | F100: =J99 -> 50130721 | G100: =H100+I100 -> 255808.74 | H100: =$C$6*F100 -> 177546.3 | I100: =IF(E100<=$I$9,0,$C$9-H100) -> 78262.441 | J100: =F100-I100 -> 50052458
D101: =DATE(YEAR(D100),MONTH(D100)+1,1) -> 44682 | E101: 63 | F101: =J100 -> 50052458 | G101: =H101+I101 -> 255808.74 | H101: =$C$6*F101 -> 177269.12 | I101: =IF(E101<=$I$9,0,$C$9-H101) -> 78539.621 | J101: =F101-I101 -> 49973919
D102: =DATE(YEAR(D101),MONTH(D101)+1,1) -> 44713 | E102: 64 | F102: =J101 -> 49973919 | G102: =H102+I102 -> 255808.74 | H102: =$C$6*F102 -> 176990.96 | I102: =IF(E102<=$I$9,0,$C$9-H102) -> 78817.782 | J102: =F102-I102 -> 49895101
D103: =DATE(YEAR(D102),MONTH(D102)+1,1) -> 44743 | E103: 65 | F103: =J102 -> 49895101 | G103: =H103+I103 -> 255808.74 | H103: =$C$6*F103 -> 176711.82 | I103: =IF(E103<=$I$9,0,$C$9-H103) -> 79096.928 | J103: =F103-I103 -> 49816004
D104: =DATE(YEAR(D103),MONTH(D103)+1,1) -> 44774 | E104: 66 | F104: =J103 -> 49816004 | G104: =H104+I104 -> 255808.74 | H104: =$C$6*F104 -> 176431.68 | I104: =IF(E104<=$I$9,0,$C$9-H104) -> 79377.063 | J104: =F104-I104 -> 49736627
D105: =DATE(YEAR(D104),MONTH(D104)+1,1) -> 44805 | E105: 67 | F105: =J104 -> 49736627 | G105: =H105+I105 -> 255808.74 | H105: =$C$6*F105 -> 176150.55 | I105: =IF(E105<=$I$9,0,$C$9-H105) -> 79658.19 | J105: =F105-I105 -> 49656969
D106: =DATE(YEAR(D105),MONTH(D105)+1,1) -> 44835 | E106: 68 | F106: =J105 -> 49656969 | G106: =H106+I106 -> 255808.74 | H106: =$C$6*F106 -> 175868.43 | I106: =IF(E106<=$I$9,0,$C$9-H106) -> 79940.313 | J106: =F106-I106 -> 49577028
D107: =DATE(YEAR(D106),MONTH(D106)+1,1) -> 44866 | E107: 69 | F107: =J106 -> 49577028 | G107: =H107+I107 -> 255808.74 | H107: =$C$6*F107 -> 175585.31 | I107: =IF(E107<=$I$9,0,$C$9-H107) -> 80223.435 | J107: =F107-I107 -> 49496805
D108: =DATE(YEAR(D107),MONTH(D107)+1,1) -> 44896 | E108: 70 | F108: =J107 -> 49496805 | G108: =H108+I108 -> 255808.74 | H108: =$C$6*F108 -> 175301.18 | I108: =IF(E108<=$I$9,0,$C$9-H108) -> 80507.559 | J108: =F108-I108 -> 49416297
...
